 Dungeon Crawl Stone Soup version 0.30.0 (webtiles) character file.

Game seed: 4638065945383143740

13569271 McIvan the Petrodigitator (level 27, 179/179 HPs)
             Began as a Gargoyle Earth Elementalist on July 31, 2023.
             Was the Champion of Vehumet.
             Escaped with the Orb
             ... and 15 runes on Dec 10, 2023!
             The game lasted 1 day 00:27:23 (120478 turns).

McIvan the Petrodigitator (GrEE)              Turns: 120478, Time: 1 , 00:27:24

Health: 179/179    AC: 52    Str: 22    XL:     27
Magic:  63/63      EV: 19    Int: 29    God:    Vehumet [******]
Gold:   21316      SH: 19    Dex: 20    Spells: 3/80 levels left

rFire   + + +        u - staff of fire "Meehyir" {rF+ rN+ Will+ Dex+3 SInv}
rCold   + + +        I - +2 shield of Resistance {rF++ rC++ Will++}
rNeg    + + +        C - +4 Cigotuvi's embrace {Corpsefed rMiasma Drain rN+}
rPois   ∞            L - +4 helmet of Beyond {+Blink rN+ Str+4}
rElec   +            s - +4 dragonskin cloak
rCorr   .            z - +2 pair of gloves {Dex+3}
SInv    +            G - +3 pair of mountain boots {steadfast, rC+}
Will    +++++        b - amulet of Vitality {RegenMP++ Regen++}
Stlth   ++++         J - ring of the Mage {Wiz Archmagi}
HPRegen 2.09/turn    c - ring of Xom's Attic {MP+9 Str+5 Dex+6}
MPRegen 1.18/turn

%: wizardry (x1), archmagi
@: flying, studying 4 skills
A: sickness immunity, AC +20, big wings, negative energy resistance 1,
electricity resistance, torment resistance 1, petrification resistance, fangs 1,
clumsy 1, cold resistance 1, frail 1, sturdy frame 1
0: Orb of Zot
}: 15/15 runes: serpentine, barnacled, slimy, silver, golden, iron, obsidian,
icy, bone, abyssal, demonic, glowing, magical, fiery, dark
a: Renounce Religion, Evoke Blink


You escaped.
You worshipped Vehumet.
Vehumet was exalted by your worship.
You visited 18 branches of the dungeon, and saw 88 of its levels.
You visited Pandemonium 1 time, and saw 25 of its levels.
You visited the Abyss 2 times.
You visited 3 ziggurats (completing 2), and saw 72 of their levels.
You also visited: Bailey, Gauntlet, Ice Cave and Volcano.

You collected 25801 gold pieces.
You spent 4485 gold pieces at shops.

Inventory:

Hand Weapons
 a - the +6 broad axe of the Apocalypse {holy, rC+ Str+2 Dex+2 Stlth+}
   (You found it on level 10 of a ziggurat)

   Str:       It affects your strength (+2).
   Dex:       It affects your dexterity (+2).
   rC:        It protects you from cold.
   Stlth:     It makes you more stealthy.
 g - the +9 short sword of the Ancient Invaders {freeze, *Rage rElec rPois SInv}
   (You found it on level 5 of the Pits of Slime)

   rElec:     It insulates you from electricity.
   rPois:     It protects you from poison.
   SInv:      It lets you see invisible.
   *Rage:     It berserks you when you make melee attacks (+20% chance).
 h - the +7 sling of Xom's Fury {freeze, Drain rN+++ rCorr SInv}
   (You found it on level 23 of a ziggurat)

   rN:        It renders you almost immune to negative energy.
   SInv:      It lets you see invisible.
   rCorr:     It protects you from acid and corrosion.
   Drain:     It drains your maximum health when unequipped.
 K - the +7 flail "Wotat" {heavy, rPois rC+ Int+4}
   (You bought it in a shop on level 1 of the Elven Halls)

   Int:       It affects your intelligence (+4).
   rC:        It protects you from cold.
   rPois:     It protects you from poison.
 M - the +13 sceptre of Asmodeus
   (You took it off Asmodeus on level 7 of Gehenna)

   Fire Summon: It may summon demons of flame and damnation when striking foes.
Missiles
 q - 15 silver javelins (quivered)
Armour
 s - the +4 dragonskin cloak (worn)
   (You took it off Tiamat on level 3 of the Realm of Zot)

   Avatar's Aegis: It grants the wearer a chance to resist fire, cold, poison,
   electricity, acid, and negative energy.
 y - the +18 shield of the Gong {Loud rN+ Will+ rCorr EV-5}
   (You found it on level 24 of a ziggurat)

   Loud:      It is deafeningly noisy when blocking attacks.
   EV:        It affects your evasion (-5).
   rN:        It protects you from negative energy.
   rCorr:     It protects you from acid and corrosion.
   Will:      It increases your willpower.
 z - a +2 pair of gloves of dexterity (worn)
 C - the +4 Cigotuvi's embrace (worn) {Corpsefed rMiasma Drain rN+}
   (You took it off a minotaur in a Gauntlet)

   Corpsefed: It gathers nearby corpses to temporarily increase the armour it
   provides.
   rMiasma:   It protects you from foul pestilence.
   rN:        It protects you from negative energy.
   Drain:     It drains your maximum health when unequipped.
 G - the +3 pair of mountain boots (worn) {steadfast, rC+}
   (You found it on level 4 of the Realm of Zot)

   Steadfast: It prevents involuntary movement, except for blinking,
   teleportation, or banishment.
   rC:        It protects you from cold.
 H - the +3 crown of Dyrovepreva {rElec Int+2 SInv}
   (You found it on level 16 of a ziggurat)

   Int:       It affects your intelligence (+2).
   rElec:     It insulates you from electricity.
   SInv:      It lets you see invisible.
 I - the +2 shield of Resistance (worn) {rF++ rC++ Will++}
   (You found it on level 3 of the Elven Halls)

   rF:        It greatly protects you from fire.
   rC:        It greatly protects you from cold.
   Will:      It greatly increases your willpower.
 L - the +4 helmet of Beyond (worn) {+Blink rN+ Str+4}
   (You found it in a Gauntlet)

   Str:       It affects your strength (+4).
   rN:        It protects you from negative energy.
   +Blink:    It lets you blink.
Magical Staves
 t - the staff of cold "Zioxis" {rC+ rN+ MP+9 Int+2}
   (You found it on level 7 of Gehenna)

   [staff of cold]

   Base accuracy: +5 Base damage: 5 Base attack delay: 1.2 This weapon's minimum
   attack delay (0.6) is reached at skill level 12.
   Int:       It affects your intelligence (+2).
   rC:        It protects you from cold.
   rN:        It protects you from negative energy.
   MP:        It affects your magic capacity (+9).
   It falls into the 'Staves' category.
   It is a one-handed weapon.
 u - the staff of fire "Meehyir" (weapon) {rF+ rN+ Will+ Dex+3 SInv}
   (You found it on level 3 of the Tomb of the Ancients)

   [staff of fire]

   Base accuracy: +5 Base damage: 5 Base attack delay: 1.2 This weapon's minimum
   attack delay (0.6) is reached at skill level 12.
   Dex:       It affects your dexterity (+3).
   rF:        It protects you from fire.
   rN:        It protects you from negative energy.
   SInv:      It lets you see invisible.
   Will:      It increases your willpower.
   It falls into the 'Staves' category.
   It is a one-handed weapon.
 B - the staff of earth "Cimp" {Will+++ Int+3}
   (You found it on level 12 of a ziggurat)

   [staff of earth]

   Base accuracy: +5 Base damage: 5 Base attack delay: 1.2 This weapon's minimum
   attack delay (0.6) is reached at skill level 12.
   Int:       It affects your intelligence (+3).
   Will:      It greatly increases your willpower.
   It falls into the 'Staves' category.
   It is a one-handed weapon.
 R - the staff of air "Pusch" {rElec rC+ Int+4 SInv}
   (You found it on level 25 of a ziggurat)

   [staff of air]

   Base accuracy: +5 Base damage: 5 Base attack delay: 1.2 This weapon's minimum
   attack delay (0.6) is reached at skill level 12.
   Int:       It affects your intelligence (+4).
   rC:        It protects you from cold.
   rElec:     It insulates you from electricity.
   SInv:      It lets you see invisible.
   It falls into the 'Staves' category.
   It is a one-handed weapon.
 Y - the staff of conjuration "Engid Pimyo" {rPois rN+++ Will- MP+9}
   (You found it on level 7 of a ziggurat)

   [staff of conjuration]

   Base accuracy: +5 Base damage: 5 Base attack delay: 1.2 This weapon's minimum
   attack delay (0.6) is reached at skill level 12.
   rPois:     It protects you from poison.
   rN:        It renders you almost immune to negative energy.
   MP:        It affects your magic capacity (+9).
   Will:      It decreases your willpower.
   It falls into the 'Staves' category.
   It is a one-handed weapon.
Jewellery
 b - the amulet of Vitality (around neck) {RegenMP++ Regen++}
   (You found it on level 5 of the Pits of Slime)

   [amulet of magic regeneration]

   It increases your rate of magic regeneration.
   Regen:     It increases your rate of health regeneration.
 c - the ring of Xom's Attic (right hand) {MP+9 Str+5 Dex+6}
   (You found it on level 11 of a ziggurat)

   [ring of dexterity]

   Str:       It affects your strength (+5).
   Dex:       It affects your dexterity (+6).
   MP:        It affects your magic capacity (+9).
 J - the ring of the Mage (left hand) {Wiz Archmagi}
   (You found it on level 24 of a ziggurat)

   [ring of wizardry]

   It improves your spell success rate.
   Archmagi:  It increases the power of your magical spells.
 P - the ring of Kalusm {Wiz rElec rCorr Str-4}
   (You acquired it on level 16 of a ziggurat)

   [ring of wizardry]

   It improves your spell success rate.
   Str:       It affects your strength (-4).
   rElec:     It insulates you from electricity.
   rCorr:     It protects you from acid and corrosion.
 Q - the amulet "Qivoz" {Acrobat Contam rF+ rC++ rN+++}
   (You took it off a merfolk aquamancer on level 4 of the Shoals)

   [amulet of the acrobat]

   It increases your evasion while moving and waiting.
   rF:        It protects you from fire.
   rC:        It greatly protects you from cold.
   rN:        It renders you almost immune to negative energy.
   Contam:    It causes magical contamination when unequipped.
 T - the ring of the Wild Haggis {rElec rPois Will+ rCorr Slay+3}
   (You found it on level 16 of a ziggurat)

   [ring of resist corrosion]

   Slay:      It affects your accuracy & damage with ranged weapons and melee
   (+3).
   rElec:     It insulates you from electricity.
   rPois:     It protects you from poison.
   rCorr:     It protects you from acid and corrosion.
   Will:      It increases your willpower.
Wands
 r - a wand of iceblast (239)
 S - a wand of mindburst (37)
 X - a wand of acid (179)
Scrolls
 n - 13 scrolls of poison
 v - 85 scrolls of teleportation
 D - 20 scrolls of amnesia
 E - 27 scrolls of magic mapping
 N - 28 scrolls of fear
 O - 43 scrolls of fog
 U - 17 scrolls of immolation
 V - 10 scrolls of butterflies
 W - 25 scrolls of blinking
Potions
 d - 9 potions of heal wounds
 e - 6 potions of magic
 f - 3 potions of brilliance
 i - 11 potions of lignification
 j - 30 potions of curing
 k - 3 potions of resistance
 l - 14 potions of might
 m - 12 potions of haste
 p - 7 potions of ambrosia
 x - 36 potions of mutation
 A - 8 potions of cancellation
 Z - 4 potions of invisibility
Miscellaneous
 o - a +2 figurine of a ziggurat
 w - a lightning rod (4/4)
 F - a phantom mirror


   Skills:
 O Level 27 Fighting
 - Level 7.1(19.2) Maces & Flails
 O Level 27 Staves
 O Level 27 Throwing
 - Level 24.1 Armour
 - Level 10.3 Dodging
 O Level 27 Stealth
 - Level 20.4 Shields
 O Level 27 Spellcasting
 O Level 27 Conjurations
 - Level 5.3 Hexes
 + Level 12.5 Necromancy
 - Level 4.0 Translocations
 + Level 6.3 Transmutations
 O Level 27 Fire Magic
 O Level 27 Ice Magic
 O Level 27 Air Magic
 O Level 27 Earth Magic
 O Level 27 Evocations


You had 3 spell levels left.
You knew the following spells:

 Your Spells              Type           Power      Damage    Failure   Level
a - Sandblast             Erth           100%       2d20      0%          1
b - Necromutation         Tmut/Necr      48%        N/A       41%         8
c - Iron Shot             Conj/Erth      69%        9d13      0%          6
d - Iskenderun's Mystic   Conj/Tloc      100%       2d19      0%          4
e - Swiftness             Air            100%       N/A       0%          3
f - Fire Storm            Conj/Fire      82%        8d21      1%          9
g - Irradiate             Conj/Tmut      58%        3d31      1%          5
h - Ozocubu's Refrigerat  Ice            69%        4d22      0%          7
i - Spellforged Servitor  Conj/Summ      54%        N/A       1%          7
j - Shatter               Erth           69%        3d51*     1%          9
k - Polar Vortex          Ice            69%        N/A       1%          9
l - Chain Lightning       Conj/Air       69%        3d92      1%          9

Your spell library contained the following spells:

 Spells                   Type           Power      Damage    Failure   Level
 Foxfire                  Conj/Fire      100%       2x1d9     0%          1
 Freeze                   Ice            100%       1d10      0%          1
 Kiss of Death            Conj/Necr      100%       2d13      0%          1
 Magic Dart               Conj           100%       1d8       0%          1
 Necrotise                Necr           100%       1d9       0%          1
 Shock                    Conj/Air       100%       1d9       0%          1
 Ensorcelled Hibernation  Hex/Ice        100%       N/A       0%          2
 Momentum Strike          Conj/Tloc      100%       3d10      0%          2
 Passwall                 Tmut/Erth      97%        N/A       0%          2
 Poisonous Vapours        Pois/Air       100%       N/A       0%          2
 Scorch                   Fire           100%       2d9       0%          2
 Searing Ray              Conj           100%       2d8       0%          2
 Static Discharge         Conj/Air       100%       2-7/arc   0%          2
 Dazzling Flash           Conj/Hex       100%       N/A       0%          3
 Frozen Ramparts          Ice            100%       1d16      0%          3
 Hailstorm                Conj/Ice       100%       3d20      0%          3
 Inner Flame              Hex/Fire       100%       N/A       0%          3
 Mephitic Cloud           Conj/Pois/Air  100%       N/A       0%          3
 Ozocubu's Armour         Ice            100%       N/A       0%          3
 Stone Arrow              Conj/Erth      100%       3d13      0%          3
 Vampiric Draining        Necr           100%       2d13      0%          3
 Vhi's Electric Charge    Tloc/Air       100%       N/A       0%          3
 Volatile Blastmotes      Fire/Tloc      100%       2d18      0%          3
 Apportation              Tloc           100%       N/A       1%          1
 Beastly Appendage        Tmut           100%       N/A       1%          1
 Slow                     Hex            100%       N/A       1%          1
 Sting                    Tmut/Pois      100%       1d8       1%          1
 Summon Small Mammal      Summ           100%       N/A       1%          1
 Blink                    Tloc           100%       N/A       1%          2
 Call Imp                 Summ           100%       N/A       1%          2
 Lesser Beckoning         Tloc           100%       N/A       1%          2
 Wereblood                Tmut           85%        N/A       1%          2
 Call Canine Familiar     Summ           56%        N/A       1%          3
 Confusing Touch          Hex            81%        N/A       1%          3
 Gell's Gravitas          Tloc           76%        N/A       1%          3
 Ignite Poison            Fire/Tmut/Pois 100%       N/A       1%          3
 Portal Projectile        Hex/Tloc       100%       N/A       1%          3
 Spider Form              Tmut/Pois      72%        N/A       1%          3
 Summon Guardian Golem    Hex/Summ       69%        N/A       1%          3
 Teleport Other           Tloc           76%        N/A       1%          3
 Tukima's Dance           Hex            81%        N/A       1%          3
 Airstrike                Air            69%        2d(10-26) 0%          4
 Flame Wave               Conj/Fire      100%       2d21      0%          4
 Fulminant Prism          Conj/Hex       57%        3d25      0%          4
 Ice Form                 Ice/Tmut       100%       N/A       0%          4
 Leda's Liquefaction      Hex/Erth       57%        N/A       0%          4
 Petrify                  Tmut/Erth      100%       N/A       0%          4
 Sticky Flame             Conj/Fire      100%       2d11      0%          4
 Arcjolt                  Conj/Air       69%        1d79      0%          5
 Borgnjor's Vile Clutch   Necr/Erth      62%        N/A       0%          5
 Fireball                 Conj/Fire      82%        3d30      0%          5
 Freezing Cloud           Conj/Ice/Air   69%        6-21      0%          5
 Iskenderun's Battlesphe  Conj           100%       2d15      0%          5
 Lee's Rapid Deconstruct  Erth           69%        3d31*     0%          5
 Conjure Ball Lightning   Conj/Air       69%        3x3d26    0%          6
 Plasma Beam              Fire/Air       82%        2x1d109   0%          6
 Starburst                Conj/Fire      82%        6d21      0%          6
 Anguish                  Hex/Necr       47%        N/A       1%          4
 Animate Armour           Summ/Erth      100%       N/A       1%          4
 Animate Dead             Necr           100%       N/A       1%          4
 Cause Fear               Hex            40%        N/A       1%          4
 Dispel Undead            Necr           100%       3d31      1%          4
 Manifold Assault         Tloc           76%        N/A       1%          4
 Olgreb's Toxic Radiance  Pois           56%        N/A       1%          4
 Passage of Golubria      Tloc           76%        N/A       1%          4
 Summon Ice Beast         Ice/Summ       100%       N/A       1%          4
 Summon Lightning Spire   Summ/Air       100%       N/A       1%          4
 Agony                    Necr           100%       N/A       1%          5
 Blade Hands              Tmut           42%        N/A       1%          5
 Metabolic Englaciation   Hex/Ice        57%        N/A       1%          5
 Silence                  Hex/Air        57%        N/A       1%          5
 Yara's Violent Unravell  Hex/Tmut       41%        3d16      1%          5
 Death Channel            Necr           53%        N/A       1%          6
 Simulacrum               Ice/Necr       62%        N/A       1%          6
 Storm Form               Tmut/Air       58%        N/A       1%          7
 Ignition                 Fire           82%        3d21      1%          8
 Lehudib's Crystal Spear  Conj/Erth      69%        10d16     1%          8
 Maxwell's Capacitive Co  Air            69%        ∞         1%          8
 Alistair's Intoxication  Tmut/Pois      48%        N/A       2%          5
 Summon Mana Viper        Hex/Summ       69%        N/A       3%          5
 Summon Forest            Summ/Tloc      33%        N/A       4%          5
 Eringya's Noxious Bog    Tmut/Pois      36%        N/A       4%          6
 Dispersal                Tloc           38%        N/A       10%         6
 Infestation              Necr           53%        N/A       13%         8
 Dragon Form              Tmut           42%        N/A       21%         7
 Haunt                    Necr/Summ      42%        N/A       21%         7
 Enfeeble                 Hex            40%        N/A       32%         7
 Summon Cactus Giant      Summ           28%        N/A       43%         6
 Malign Gateway           Summ/Tloc      33%        N/A       73%         7
 Discord                  Hex            40%        N/A       91%         8
 Monstrous Menagerie      Summ           28%        N/A       93%         7
 Summon Hydra             Summ           28%        N/A       93%         7
 Disjunction              Tloc           38%        N/A       98%         8
 Summon Horrible Things   Summ           28%        N/A       100%        8
 Dragon's Call            Summ           28%        N/A       100%        9
 Cigotuvi's Dreadful Rot  Necr/Pois/Air  Unusable   N/A       N/A         2
 Sublimation of Blood     Necr           Unusable   N/A       N/A         2
 Statue Form              Tmut/Erth      Unusable   N/A       N/A         6

Dungeon Overview and Level Annotations

Branches:
Dungeon (15/15)            Temple (1/1) D:5            Lair (5/5) D:10
 Shoals (4/4) Lair:2        Snake (4/4) Lair:2        Slime (5/5) Lair:4
    Orc (2/2) D:12            Elf (3/3) Orc:2        Vaults (5/5) D:13
  Crypt (3/3) Vaults:3       Tomb (3/3) Crypt:3      Depths (4/4) D:15
   Hell (visited)             Dis (7/7) Hell            Geh (7/7) Hell
    Coc (7/7) Hell            Tar (7/7) Hell            Zot (5/5) Depths:4
 Bailey (visited)           IceCv (visited)         Volcano (visited)
Gauntlet (visited)

Altars:
Ashenzari
Cheibriados
Dithmenos
Elyvilon
Fedhas
Gozag
Hepliaklqana
Kikubaaqudgha
Makhleb
Nemelex Xobeh
Okawaru
Qazlal
Ru
Sif Muna
Trog
Uskayaw
Vehumet
Wu Jian
Xom
Yredelemnul
Zin
The Shining One
Jiyva

Shops:
D:5 *   D:13 ?   Orc:2 *[(::   Elf:1 :==(   Elf:3 [   Shoals:1 ?   Shoals:2 [
Snake:3 (*[   Vaults:4 [   Depths:1 *(

Portals:
Hell: Depths:1 Depths:2 Depths:3 Depths:4
Abyss: Depths:2 Depths:3 Depths:4
Pandemonium: Depths:1 Depths:2


Innate Abilities, Weirdness & Mutations

You are immune to sickness and miasma.
Your stone body is resilient. (AC +20)
You are immune to poison.
Your large and strong wings let you fly.
You resist negative energy. (rN+)
You are resistant to electric shocks. (rElec)
You are resistant to unholy torment.
You are immune to petrification.
You have very sharp teeth.
You are clumsy. (Dex -2)
Your flesh is cold resistant. (rC+)
You are frail. (-10% HP)
Your movements are slightly less encumbered by armour. (ER -2)


Message History

You kill the orange demon!
Vehumet accepts your kill.
You feel your power returning.
The bolt of lightning hits the orange demon!!!!
You kill the orange demon!
Vehumet accepts your kill.
The winds around you start to calm down.
You are engulfed in whirling frost.
There is a stone staircase leading up here.
The winds around you calm down.
You fly upwards.
There is a stone staircase leading down here.
There is a stone staircase leading up here.
You fly upwards.
There is a stone staircase leading down here.
There is a stone staircase leading up here.
You fly upwards.
There is a stone staircase leading down here.
A Tzitzimitl comes into view.
Casting: Chain Lightning (mildly dangerous; 1% risk of failure)
Confirm with . or Enter, or press ? or * to list all spells.
You feel a surge of power!
You erupt in a fountain of uncontrolled magic!
The Tzitzimitl is blasted with magical radiation!!!
The Tzitzimitl is heavily wounded.
The Tzitzimitl twists and deforms.
You are very lightly contaminated with residual magic.
Casting: Irradiate (safe; 1% risk of failure)
Confirm with . or Enter, or press ? or * to list all spells.
Aiming: Iron Shot (safe; 0% risk of failure)
Press: ? - help, Shift-Dir - straight line, f - Tzitzimitl
Aim: a Tzitzimitl (heavily wounded, misshapen and mutated, 68% to hit)
You feel a surge of power!
The iron shot hits the Tzitzimitl!!!
You kill the Tzitzimitl!
Vehumet accepts your kill.
You feel your power returning.
You see here a +0 robe.
Your magical contamination has completely faded away.
There is a staircase leading out of the dungeon here.
You have escaped!

..#.#.##....♣..#.#..♣.....#......
###.#.#......♣.#.#.♣......#......
###.#.♣......♣.....♣......♣......
....#.#♣......♣...♣......♣.......
....#'#.♣.....♣...♣.....♣....#...
.........♣♣...........♣♣....##...
.......#...♣♣..♣.♣..♣♣...#..##.[.
#......###....♣.♣.♣....###..##...
.......♣.......♣@♣.......♣..##...
#......###....♣.♣.♣....###..##...
#......#...♣♣..♣.♣..♣♣...#..##...
#.#+#.#..♣♣...........♣♣.....'...
#...#.#.♣.....♣...♣.....♣...##...
#####.#♣......♣...♣......♣#.##...
......♣......♣.....♣......♣.#####
#####........♣.#.#.♣......>.# #..
# ##......♣..#.#..♣......## #.#


There were no monsters in sight!

Vanquished Creatures
  Asmodeus (Geh:7)
  the Royal Jelly (Slime:5)
  Gloorx Vloq (Pan)
  the Serpent of Hell (Dis:7)
  Ereshkigal (Tar:7)
  Mnoleg (Pan)
  Lom Lobon (Pan)
  Dispater (Dis:7)
  Tiamat (Zot:3)
  25 dread liches
  Khufu (Tomb:3)
  16 ancient liches
  5 orbs of fire (Zot:5)
  Mennas (Pan)
  18 juggernauts
  43 royal mummies
  Sojobo (Depths:1)
  53 pandemonium lords
  Boris (thrice) (Vaults:4 Depths:4 D:9)
  Vv (Zot:3)
  Bai Suzhen (Vaults:4)
  34 Killer Klowns
  Saint Roka (Elf:2)
  Frederick (Vaults:4)
  40 caustic shrikes
  38 shard shrikes
  The ghost of eruonna the Slayer, a veteran HOBe of Trog (Vaults:3)
  A curse toe (Zot:3)
  Geryon (Hell)
  Xtahua (Crypt:3)
  49 golden dragons
  Jory (Crypt:3)
  Nikola (Snake:1)
  9 profane servitors
  29 doom hounds
  A shard shrike zombie (Crypt:3)
  40 Brimstone Fiends
  25 Tzitzimimeh
  51 bone dragons
  3 electric golems
  17 iron giants
  65 starcursed masses
  Jorgrun (Shoals:3)
  24 hellephants
  31 tentacled monstrosities
  3 walking earthen tomes
  Rupert (D:12)
  12 liches
  Mlioglotl (Shoals:4)
  60 Ice Fiends
  42 Hell Sentinels
  26 Orb Guardians
  A quicksilver dragon (shapeshifter) (Zig:23)
  23 tainted leviathans
  2 walking frostbound tomes (Depths:3)
  28 acid blobs
  A shard shrike skeleton (Hell)
  18 searing wretches
  42 titans
  6 deep elf blademasters
  A walking divine tome (Depths:3)
  38 Executioners
  8 quicksilver dragons
  Frances (D:13)
  19 sphinxes
  4 deep elf master archers
  31 tentacled starspawn
  11 death cobs
  38 ancient champions
  4 thorn hunters
  17 tengu reavers
  Kirke (Shoals:3)
  8 storm dragons
  50 narguns
  37 nagarajas
  2 fenstrider witches
  8 draconian monks
  2 fenstrider witches (shapeshifter)
  A rockslime (shapeshifter) (Zig:14)
  12 shadow dragons
  17 demonspawn warmongers
  6 deep elf sorcerers
  29 fire giants
  14 azure jellies
  4 daevas
  2 frost giants (shapeshifter)
  15 rockslimes
  Roxanne (Snake:1)
  18 quicksilver elementals
  25 revenants
  14 draconian knights
  2 azure jellies (shapeshifter) (Zig:23)
  2 fire giants (shapeshifter)
  25 frost giants
  20 vault wardens
  8 emperor scorpions
  10 draconian scorchers
  Aizul (Snake:2)
  A juggernaut zombie (Zig:26)
  6 deep elf elementalists
  17 iron dragons
  Louise (D:15)
  24 ironbound preservers
  60 balrugs
  An angel (Zig:18)
  35 orc warlords
  14 shard shrike simulacra
  A spectral juggernaut (Tar:3)
  11 ghouls
  7 curse skulls
  27 ghost moths
  15 draconian shifters
  35 cacodemons
  A quicksilver ooze (shapeshifter) (Zig:12)
  6 broodmothers
  14 draconian stormcallers
  14 draconian annihilators
  14 quicksilver oozes
  23 reapers
  17 demonspawn blood saints
  52 stone giants
  26 very ugly things
  A spriggan defender (Depths:4)
  14 ironbound thunderhulks
  30 demonspawn corrupters
  57 war gargoyles
  2 juggernaut skeletons
  4 stone giants (shapeshifter)
  2 caustic shrike skeletons
  23 elemental wellsprings
  20 putrid mouths
  19 demonspawn black suns
  15 black draconians
  30 vampire knights
  17 deep elf demonologists
  17 yellow draconians
  54 wendigos
  20 green draconians
  22 bennus
  12 eleionomae
  26 lorocyprocas
  18 white draconians
  A spectral titan (Tar:2)
  A minotaur (Gauntlet)
  8 deep elf annihilators
  17 purple draconians
  12 bunyips
  16 dire elephants
  An eleionoma (shapeshifter) (Zig:12)
  6 spark wasps
  12 red draconians
  30 eidola
  26 ettins
  31 mummy priests
  The ghost of zhionzacheriah the Brawler, a journeyman TrBe of Trog (Snake:1)
  15 deep elf death magi
  33 iron golems
  5 quicksilver dragon zombies
  5 crystal guardians
  65 green deaths
  20 entropy weavers
  8 merfolk impalers (Shoals:4)
  6 merfolk javelineers
  32 blizzard demons
  14 shambling mangroves
  15 yaktaur captains
  Fannar (Lair:3)
  14 jiangshi
  4 spriggan zombies
  A kraken zombie (Hell)
  5 spectral spriggans
  8 deep elf high priests
  2 fire dragons
  15 great orbs of eyes
  2 quicksilver dragon skeletons
  42 salamander tyrants
  11 ice dragons
  34 vault guards
  A peacekeeper (Vaults:3)
  Erolcha (Orc:1)
  8 rakshasas
  15 hell beasts
  12 juggernaut simulacra
  10 caustic shrike simulacra
  A spectral fenstrider witch (Tar:2)
  3 ghost crabs
  13 alligators
  46 hydras
  2 jorogumos
  4 ogre magi
  10 merfolk aquamancers
  A spriggan air mage (Depths:4)
  6 merfolk avatars
  An alligator (shapeshifter) (Zig:23)
  7 radroaches
  10 anacondas
  13 catoblepae
  13 stokers
  A catoblepas (shapeshifter) (Vaults:5)
  2 anacondas (shapeshifter)
  6 spriggan skeletons
  Erica (D:8)
  14 centaur warriors
  9 ironbound frosthearts
  2 satyrs
  3 death knights
  15 boulder beetles
  50 dancing weapons
  9 deep troll earth magi
  45 death scarabs
  17 two-headed ogres
  14 death yaks
  4 deep troll shamans
  50 hell hogs
  25 naga warriors
  18 thrashing horrors
  41 orc high priests
  17 vampire magi
  2 tengu warriors
  19 shock serpents
  32 naga sharpshooters
  9 hell knights
  Nergalle (D:12)
  Sonja (Lair:4)
  A titan zombie (Crypt:3)
  15 deep elf knights
  7 spriggan berserkers
  12 crystal echidnas
  51 soul eaters
  15 iron trolls
  7 skysharks
  16 wretched stars
  4 storm dragon zombies (Crypt:3)
  32 shadow wraiths
  2 skysharks (shapeshifter)
  A fire crab (Zig:20)
  29 skeletal warriors
  9 sea snakes
  2 iron trolls (shapeshifter)
  34 sixfirhies
  A titan skeleton (Zig:26)
  5 spatial maelstroms
  73 sun demons
  2 sun moths
  4 anaconda zombies
  4 goliath frogs
  13 pharaoh ants
  9 salamander mystics
  A goliath frog (shapeshifter) (Zig:12)
  25 death drakes
  10 glowing orange brains
  2 orb spiders (shapeshifter)
  16 spriggan druids
  A spark wasp zombie (Zig:7)
  26 swamp dragons
  A cherub (Pan)
  A death drake (shapeshifter) (Zig:17)
  A bunyip zombie (Crypt:3)
  A storm dragon skeleton (Crypt:1)
  61 deep trolls
  6 naga ritualists
  7 quicksilver dragon simulacra
  10 bog bodies
  4 golden dragon zombies
  16 deep elf archers
  21 shadow demons
  25 orb spiders
  24 ironbound convokers
  10 flayed ghosts
  10 wizards
  A bunyip skeleton (Crypt:2)
  4 obsidian statues
  3 orange crystal statues
  20 phantasmal warriors
  12 steelbarb worms
  5 lindwurms
  A harpy (shapeshifter) (Zig:17)
  12 necromancers
  2 anaconda skeletons
  A lindwurm (shapeshifter) (Zig:14)
  A swamp dragon (shapeshifter) (D:14)
  2 shadow dragon zombies (Zig:26)
  A golden dragon skeleton (Zig:26)
  4 mana vipers (shapeshifter)
  33 deep elf pyromancers
  2 sphinx zombies
  37 deep elf zephyrmancers
  8 mana vipers
  A faun (shapeshifter) (Zig:17)
  20 orc knights
  A shadow dragon skeleton (Hell)
  9 wolf spiders
  8 harpies (Shoals:3)
  A sphinx skeleton (Crypt:1)
  A wolf spider (shapeshifter) (Zig:14)
  An iron dragon zombie (Zig:26)
  16 manticores
  15 fauns
  A shining eye (shapeshifter) (Zig:9)
  A fire giant zombie (Crypt:3)
  30 orc sorcerers
  26 ugly things
  3 spectral centaurs
  53 salamanders
  10 shining eyes
  2 stone giant zombies
  13 will-o-the-wisps
  23 cyclopes
  A cyclops (shapeshifter) (Zig:12)
  2 moths of wrath (shapeshifter) (Zig:9)
  3 worldbinders
  10 merfolk sirens
  2 iron dragon skeletons
  24 elephants
  44 moths of wrath
  13 vault sentinels
  Maurice (D:12)
  27 demonic crawlers
  3 elephants (shapeshifter)
  4 naga zombies
  A black mamba (shapeshifter) (Elf:2)
  12 rust devils
  29 naga magi
  7 eyes of devastation
  2 centaur zombies
  63 black mambas
  4 gargoyles
  8 ice statues
  A dire elephant zombie (Crypt:2)
  A torpor snail (shapeshifter) (Zig:9)
  11 titan simulacra
  28 guardian serpents
  43 orange demons
  A water nymph (shapeshifter) (Zig:14)
  2 unseen horrors
  4 centaur skeletons
  11 molten gargoyles
  86 smoke demons
  3 water nymphs
  25 torpor snails
  20 apocalypse crabs
  Maggie (D:8)
  14 cane toads
  2 dire elephant skeletons
  A rime drake (shapeshifter) (D:15)
  20 komodo dragons
  A komodo dragon (shapeshifter) (Zig:23)
  65 hellions
  57 tormentors
  9 efreet
  5 anaconda simulacra
  16 rime drakes
  A catoblepas zombie (Crypt:1)
  A sea snake zombie (Hell)
  6 freezing wraiths
  A spectral glowing shapeshifter (Zig:8)
  20 yaktaurs
  2 meliai (shapeshifter)
  33 ancient zymes
  17 ice devils
  3 kobold demonologists
  3 iron giant simulacra
  3 tengu conjurers
  14 red devils
  5 spectral harpies
  A spectral naga (Tar:5)
  24 merfolk
  4 golden dragon simulacra
  89 guardian mummies
  24 trolls
  A burning bush (Lair:2)
  2 bloated husks
  A queen bee (shapeshifter) (Zig:17)
  A hydra zombie (Hell)
  A grey draconian skeleton (Crypt:1)
  2 meliai
  5 harpy zombies
  11 tyrant leeches
  32 hellwings
  2 nameless horrors (Pan)
  7 polar bears
  A sphinx simulacrum (Zig:25)
  A merfolk (shapeshifter) (Zig:12)
  10 wind drakes
  3 silent spectres
  15 raiju
  5 iron dragon simulacra
  A shadow dragon simulacrum (Zig:25)
  2 alligator zombies
  38 hornets
  10 tarantellas
  A tarantella (shapeshifter) (Zig:12)
  A tengu simulacrum (Zig:16)
  A snapping turtle (shapeshifter) (Zig:14)
  2 dream sheep (shapeshifter)
  2 hydra skeletons
  3 ettin zombies
  3 harpy skeletons
  21 blink frogs
  21 dream sheep
  A frost giant simulacrum (Zig:11)
  2 stone giant simulacra
  7 dire elephant simulacra
  7 snapping turtles
  43 ynoxinuls
  162 slime creatures
  3 centaur simulacra
  25 vampires
  12 air elementals
  11 jumping spiders
  10 wraiths
  36 water elementals
  An ettin skeleton (Pan)
  80 yaks
  13 spriggans
  2 alligator skeletons (Hell)
  A black mamba zombie (Crypt:2)
  30 ushabtiu
  9 wyverns
  A yak (shapeshifter) (Zig:23)
  29 flying skulls
  2 shadows
  11 culicivoras
  4 vampire mosquitoes
  Grum (D:8)
  12 basilisks
  2 hogs (Shoals:3)
  15 golden eyes
  2 steam dragons
  56 neqoxecs
  A redback (shapeshifter) (Zig:9)
  57 chaos spawn
  6 fire elementals
  17 redbacks
  A wind drake skeleton (Crypt:3)
  10 harpy simulacra
  A glowing shapeshifter zombie (Crypt:2)
  2 spatial vortices (Zig:24)
  An acid dragon (D:12)
  A human zombie (Vaults:3)
  A water nymph zombie (Crypt:3)
  A naga (shapeshifter) (Depths:4)
  58 nagas
  41 water moccasins
  2 hell hounds (Zig:24)
  3 hydra simulacra
  17 wargs
  4 glowing shapeshifter skeletons (Zig:26)
  2 naga skeletons
  3 swamp drakes
  6 floating eyes
  102 orc warriors
  5 spriggan simulacra
  5 ice beasts
  4 black bears
  4 sky beasts
  3 ettin simulacra
  An ice dragon simulacrum (Coc:1)
  75 large abominations
  A black mamba simulacrum (Coc:1)
  An elephant zombie (Crypt:1)
  37 ogres
  A lindwurm skeleton (Crypt:3)
  22 wolves
  12 boggarts
  13 centaurs
  An elf simulacrum (Vaults:3)
  2 phantoms
  A manticore skeleton (Crypt:3)
  3 kobold brigands
  4 necrophages (Crypt:3)
  18 bullfrogs
  12 gnoll sergeants
  3 glowing shapeshifter simulacra
  A human simulacrum (Zig:11)
  8 earth elementals
  4 naga simulacra
  3 scorpions
  5 lindwurm simulacra (IceCv)
  4 howler monkeys
  3 electric eels
  13 crimson imps
  5 komodo dragon simulacra (IceCv)
  3 lava snakes (Snake:3)
  9 hounds
  3 jellies
  17 orc priests
  Crazy Yiuf (D:7)
  7 gnoll boudas
  5 iguanas
  A scorpion zombie (Crypt:3)
  6 orc wizards
  8 hell rats
  6 lightning spires
  A boggart skeleton (Crypt:1)
  2 tengu zombies
  An acid dragon zombie (Crypt:2)
  82 mummies
  27 gnolls
  A howler monkey skeleton (Crypt:2)
  6 acid dragon simulacra (IceCv)
  14 adders
  A shadow imp (D:6)
  A swamp drake skeleton (Crypt:3)
  14 white imps
  An ufetubus (Abyss:3)
  5 steam dragon simulacra (IceCv)
  A lava snake zombie (Crypt:2)
  2 worms
  3 dart slugs
  40 orcs
  5 ball pythons
  11 endoplasms
  3 giant cockroaches
  5 hobgoblins
  3 jackals (D:1)
  5 quokkas
  4 bats
  2 frilled lizards
  A frilled lizard zombie (Crypt:2)
  6 goblins
  2 goblin zombies (Crypt:3)
  23 kobolds
  An orc skeleton (Crypt:1)
  An orc zombie (Crypt:2)
  5 rats
  A rat skeleton (Crypt:3)
  13 briar patches (Zig:26)
  6 creeping infernos
  198 fire vortices
  A lurking horror (Abyss:3)
  2 spectral weapons
  18 starspawn tentacles
  3 tentacles (Hell)
7285 creatures vanquished.

Vanquished Creatures (collateral kills)
  2 pandemonium lords (Pan)
  Antaeus (Coc:7)
  An ancient lich (Tar:7)
  Boris (Tomb:1)
  8 royal mummies
  2 shard shrikes
  2 golden dragons
  9 bone dragons
  2 profane servitors
  8 Tzitzimimeh
  2 tentacled monstrosities
  A doom hound (Tar:2)
  3 liches
  4 Ice Fiends
  A Hell Sentinel (Pan)
  3 tainted leviathans (Tar:7)
  2 acid blobs (Zig:14)
  A titan (Zig:17)
  8 Executioners (Pan)
  A thorn hunter (Zig:26)
  2 tentacled starspawn
  An ancient champion (Zig:22)
  A sphinx (Zig:17)
  A tengu reaver (Zig:17)
  A storm dragon (shapeshifter) (Zig:23)
  A revenant (Tomb:2)
  An azure jelly (shapeshifter) (Zig:10)
  2 nagarajas
  2 narguns
  An emperor scorpion (Zig:22)
  A daeva (Pan)
  2 demonspawn warmongers (Pan)
  6 balrugs
  A spectral juggernaut (Tar:3)
  An ironbound preserver (Zig:17)
  2 ghost moths (Zig:22)
  A draconian shifter (Zig:25)
  A demonspawn blood saint (Pan)
  4 cacodemons
  2 draconian annihilators (Pan)
  3 demonspawn corrupters
  2 stone giants (Zig:27)
  4 reapers
  2 elemental wellsprings
  2 green draconians (Zig:25)
  A putrid mouth (Tar:7)
  A deep elf annihilator (Pan)
  2 eleionomae
  A lorocyproca (Zig:10)
  2 black draconians (Zig:25)
  2 wendigos (Zig:25)
  A bunyip (Zig:23)
  3 blizzard demons (Pan)
  4 eidola
  2 green deaths (Pan)
  A mummy priest (Zig:1)
  A yaktaur captain (Zig:17)
  4 hell beasts
  A dancing weapon (Zig:15)
  A death scarab (Tomb:1)
  A satyr (Abyss:3)
  2 thrashing horrors
  24 sun demons (Pan)
  7 soul eaters (Pan)
  4 wretched stars
  A spectral dire elephant (Tar:3)
  A storm dragon zombie (Zig:26)
  3 shadow wraiths
  2 iron trolls
  A pharaoh ant (Zig:22)
  8 sixfirhies (Pan)
  2 death drakes
  A swamp dragon (Zig:23)
  2 shadow demons (Pan)
  A spriggan simulacrum (Tomb:2)
  A tengu zombie (Zig:15)
  An ironbound convoker (Zig:17)
  8 starcursed masses
  An ugly thing (Zig:9)
  An elephant (shapeshifter) (Zig:10)
  2 apocalypse crabs (Abyss:3)
  A guardian serpent (Abyss:3)
  2 moths of wrath (Zig:27)
  2 rust devils (Pan)
  A torpor snail (Zig:27)
  7 demonic crawlers (Pan)
  7 orange demons (Pan)
  11 smoke demons
  A golden dragon simulacrum (Zig:25)
  A tormentor (Tar:7)
  A hellion (Pan)
  An ancient zyme (Zig:20)
  2 red devils (Pan)
  2 guardian mummies
  7 hellwings
  A raiju (Abyss:3)
  A frost giant simulacrum (Zig:11)
  7 ynoxinuls
  A culicivora (shapeshifter) (Zig:23)
  A jumping spider (Zig:22)
  6 large abominations
  2 neqoxecs
  11 chaos spawn
  A floating eye (shapeshifter) (Zig:17)
  An orc warrior (Zig:19)
  An ice beast (Zig:16)
  A crimson imp (Pan)
  36 mummies
  2 fire vortices (Pan)
  A starspawn tentacle (Zig:24)
329 creatures vanquished.

Vanquished Creatures (others)
  Cerebov (Pan)
  2 pandemonium lords
  A Killer Klown (Zig:9)
  A golden dragon (Zot:4)
  A Tzitzimitl (Zig:21)
  3 eldritch tentacles
  2 storm dragons
  3 draconian knights
  A fire giant (Depths:3)
  A reaper (Zig:21)
  A shard shrike simulacrum (Coc:7)
  A ghost moth (Zig:22)
  2 balrugs
  An ironbound thunderhulk (Vaults:3)
  A lorocyproca (Zig:18)
  2 green deaths (Zig:18)
  A shambling mangrove (Zig:18)
  An entropy weaver (shapeshifter) (Zig:23)
  A wizard (Pan)
  A harpy (Shoals:3)
  A deep elf zephyrmancer (Elf:1)
  A spriggan simulacrum (Coc:3)
  An ugly thing (Zig:23)
  A titan simulacrum (Coc:2)
  A naga mage (Snake:4)
  A smoke demon (Pan)
  An apocalypse crab (Zig:9)
  An iron giant simulacrum (Coc:4)
  2 hornets
  A dire elephant simulacrum (Coc:4)
  2 chaos spawn (Zig:23)
  3 ball lightnings (Zig:17)
  A briar patch (Zig:26)
  2175 fire vortices
  83 foxfires
  178 fulminant prisms
  75 fungi
  115 plants
  44 starspawn tentacles
  A tentacle (Hell)
2716 creatures vanquished.

Grand Total: 10330 creatures vanquished

Notes
Turn   | Place    | Note
-------+----------+-------------------------------------------
     0 | D:1      | McIvan the Gargoyle Earth Elementalist began the quest for
                  | the Orb.
     0 | D:1      | Reached XP level 1. HP: 10/10 MP: 3/3
   162 | D:1      | Reached XP level 2. HP: 16/16 MP: 3/5
   409 | D:1      | Found a faded altar of an unknown god.
   562 | D:1      | Reached XP level 3. HP: 20/20 MP: 2/6
  1151 | D:1      | Reached skill level 1 in Fighting
  1151 | D:1      | Reached skill level 1 in Conjurations
  1171 | D:1      | Learned a level 3 spell: Stone Arrow
  1369 | D:2      | Identified a scroll of acquirement
  1369 | D:2      | Acquired a ring of magical power
  1477 | D:2      | Found a sparkling altar of Nemelex Xobeh.
  1510 | D:2      | Reached XP level 4. HP: 25/25 MP: 8/8
  1908 | D:2      | Reached XP level 5. HP: 30/30 MP: 9/9
  2010 | D:3      | Acquired the +5 morningstar of Impubre {freeze, Int+5}
  2080 | D:3      | Found a hide-covered altar of Uskayaw.
  2430 | D:3      | Reached skill level 5 in Earth Magic
  2928 | D:4      | Reached skill level 1 in Maces & Flails
  2928 | D:4      | Reached XP level 6. HP: 35/35 MP: 10/10
  3147 | D:4      | Found an ornate altar of the Wu Jian Council.
  3196 | D:4      | Found a broken altar of Ashenzari.
  3324 | D:5      | Entered Level 5 of the Dungeon
  3372 | D:5      | Reached XP level 7. HP: 38/40 MP: 12/12
  3414 | D:5      | Found Huejut's Overcharged Wands.
  3427 | D:5      | Found a staircase to the Ecumenical Temple.
  3432 | Temple   | Entered the Ecumenical Temple
  3441 | Temple   | Became a worshipper of Vehumet
  4029 | D:5      | Reached XP level 8. HP: 46/46 MP: 14/14
  4109 | D:5      | Found a glowing silver altar of Zin.
  5194 | D:6      | Identified the +0 leather armour of the Secret Nightcaps
                  | {Str+2}
  5869 | D:6      | Reached * piety under Vehumet
  5869 | D:6      | Offered knowledge of Foxfire by Vehumet.
  5872 | D:6      | Learned a level 1 spell: Foxfire
  5951 | D:6      | Found an ancient bone altar of Kikubaaqudgha.
  6132 | D:6      | Reached skill level 1 in Fire Magic
  6222 | D:6      | Reached XP level 9. HP: 52/52 MP: 15/16
  6354 | D:6      | Reached skill level 5 in Spellcasting
  6434 | D:6      | Found a burning altar of Makhleb.
  6434 | D:6      | Noticed a balrug
  6905 | D:7      | Found a runed translucent door.
  6906 | D:7      | Noticed Crazy Yiuf
  6912 | D:7      | Killed Crazy Yiuf
  7025 | D:7      | Found a snail-covered altar of Cheibriados.
  7054 | D:7      | Got the Compilation of Bad Luck
  7358 | D:8      | Noticed Maggie
  7364 | D:8      | Killed Maggie
  7365 | D:8      | Reached skill level 5 in Fighting
  7365 | D:8      | Reached skill level 5 in Conjurations
  7650 | D:8      | Identified the +2 falchion of Voogumuh {heavy, rF+++ rC+
                  | Int-4 Stlth+}
  7701 | D:8      | Identified the +0 leather armour of Yesterday {+Blink
                  | Str+2}
  7710 | D:8      | Noticed Grum
  7721 | D:8      | Killed Grum
  8090 | D:8      | Noticed Erica
  8095 | D:8      | Killed Erica
  8096 | D:8      | Reached skill level 5 in Maces & Flails
  8096 | D:8      | Reached XP level 10. HP: 53/60 MP: 19/19
  8232 | D:8      | Reached skill level 10 in Earth Magic
  8438 | D:8      | Found a hazy altar of Hepliaklqana.
  8451 | D:8      | Learned a level 2 spell: Ensorcelled Hibernation
  8455 | D:8      | Learned a level 3 spell: Swiftness
  8942 | D:9      | Noticed a two-headed ogre
  8970 | D:9      | Reached skill level 1 in Armour
  8974 | D:9      | Killed a two-headed ogre
  8975 | D:9      | Reached skill level 1 in Hexes
  8975 | D:9      | Reached skill level 5 in Fire Magic
  8975 | D:9      | Reached skill level 1 in Air Magic
  9083 | D:9      | Offered knowledge of Static Discharge by Vehumet.
  9085 | D:9      | Reached ** piety under Vehumet
  9089 | D:9      | Learned a level 2 spell: Static Discharge
  9476 | D:9      | Reached XP level 11. HP: 65/65 MP: 21/21
  9559 | D:9      | Noticed a two-headed ogre
  9565 | D:9      | Killed a two-headed ogre
  9838 | D:9      | Got the Codex of the Toxic Pyromaniac
  9933 | D:10     | Entered Level 10 of the Dungeon
 10074 | D:10     | Found a flagged portal.
 10095 | Bailey   | Entered a bailey
 10365 | Bailey   | Offered knowledge of Searing Ray by Vehumet.
 10539 | Bailey   | Reached *** piety under Vehumet
 10543 | Bailey   | Learned a level 2 spell: Searing Ray
 10702 | Bailey   | Learned a level 5 spell: Lee's Rapid Deconstruction
 10707 | Bailey   | Learned a level 4 spell: Fulminant Prism
 10714 | Bailey   | Learned a level 4 spell: Iskenderun's Mystic Blast
 10805 | D:10     | Found a glowing golden altar of the Shining One.
 11385 | D:10     | Found a staircase to the Lair.
 11457 | Lair:1   | Entered Level 1 of the Lair of Beasts
 11792 | Lair:1   | Reached skill level 1 in Translocations
 12235 | Lair:1   | Identified the staff of fire "Koliosege" {rF+ Will+}
 12880 | Lair:2   | Noticed a boulder beetle
 12880 | Lair:2   | Noticed a catoblepas
 12881 | Lair:2   | Noticed a skyshark
 12905 | Lair:2   | Offered knowledge of Olgreb's Toxic Radiance by Vehumet.
 12906 | Lair:2   | Reached XP level 12. HP: 36/72 MP: 22/22
 13063 | Lair:1   | Reached skill level 1 in Staves
 13400 | Lair:2   | Killed a boulder beetle
 13497 | Lair:2   | Killed a skyshark
 13778 | Lair:2   | Reached **** piety under Vehumet
 13893 | Lair:2   | Offered knowledge of Mephitic Cloud by Vehumet.
 14419 | Lair:2   | Killed a catoblepas
 14659 | Lair:2   | Found a staircase to the Snake Pit.
 15032 | Lair:2   | Reached XP level 13. HP: 66/78 MP: 18/24
 15160 | Lair:2   | Found a staircase to the Shoals.
 15680 | Lair:2   | Reached ***** piety under Vehumet
 15724 | Lair:3   | Noticed Fannar
 16330 | Lair:3   | Killed Fannar
 16621 | Lair:3   | Offered knowledge of Plasma Beam by Vehumet.
 16629 | Lair:3   | Learned a level 6 spell: Iron Shot
 16864 | Lair:3   | Identified the +3 chain mail of Midwinter {Str+3}
 17532 | Lair:4   | Found a dark tunnel.
 17590 | Volcano  | Entered a volcano
 17617 | Volcano  | Noticed a red draconian
 17630 | Volcano  | Killed a red draconian
 18244 | Lair:4   | Reached skill level 5 in Armour
 18458 | Lair:4   | Gained mutation: Your large and strong wings let you fly.
                  | [Gargoyle growth]
 18458 | Lair:4   | Reached XP level 14. HP: 84/84 MP: 25/26
 19426 | Lair:4   | Noticed Sonja
 19430 | Lair:4   | Killed Sonja
 19461 | Lair:4   | Reached skill level 5 in Hexes
 19876 | Lair:4   | Found a staircase to the Slime Pits.
 19878 | Lair:4   | Found a viscous altar of Jiyva.
 20019 | Lair:5   | Entered Level 5 of the Lair of Beasts
 20219 | Lair:5   | Found a frozen archway.
 20304 | IceCv    | Entered an ice cave
 20673 | IceCv    | Noticed a white draconian
 20688 | IceCv    | Killed a white draconian
 20834 | IceCv    | Reached skill level 10 in Conjurations
 20878 | IceCv    | Identified the ring "Tiynked" {rElec rPois rF- rC+ Int+6
                  | Dex-2}
 21790 | Lair:5   | Reached skill level 10 in Fighting
 22019 | Lair:5   | Offered knowledge of Sticky Flame by Vehumet.
 22767 | Lair:5   | Reached XP level 15. HP: 92/92 MP: 19/28
 23055 | Lair:5   | Identified the staff of poison "Sukiadu" {rPois rC- Dex+4
                  | SInv Stlth+}
 23566 | D:11     | Reached skill level 10 in Spellcasting
 24034 | D:12     | Found a staircase to the Orcish Mines.
 24430 | D:12     | Identified the +0 robe of Card Tricks {rF++ rN+ Int-2}
 24825 | D:12     | Noticed Nergalle
 24830 | D:12     | Killed Nergalle
 24832 | D:12     | Reached skill level 1 in Evocations
 25071 | D:12     | Learned a level 6 spell: Starburst
 25190 | D:12     | Noticed Rupert
 25191 | D:12     | Paralysed by something for 3 turns
 25244 | D:12     | Reached skill level 1 in Throwing
 25513 | D:12     | Noticed Maurice
 25517 | D:12     | Killed Maurice
 25601 | D:12     | Killed Rupert
 25810 | Orc:1    | Entered Level 1 of the Orcish Mines
 25810 | Orc:1    | Noticed Erolcha
 25812 | Orc:1    | Killed Erolcha
 25895 | Orc:2    | Entered Level 2 of the Orcish Mines
 25895 | Orc:2    | Found a gate leading to a gauntlet.
 25900 | Gauntlet | Entered a Gauntlet
 25900 | Gauntlet | Found a transporter.
 25900 | Gauntlet | Found a transporter.
 25900 | Gauntlet | Found a transporter.
 25904 | Gauntlet | Found a transporter.
 25919 | Gauntlet | Found a transporter.
 25923 | Gauntlet | Found a transporter.
 25937 | Gauntlet | Found a transporter.
 26025 | Gauntlet | Found a transporter.
 26027 | Gauntlet | Found a transporter.
 26046 | Gauntlet | Found a transporter.
 26047 | Gauntlet | Found a transporter.
 26059 | Gauntlet | Found a transporter.
 26219 | Gauntlet | Reached skill level 15 in Earth Magic
 26316 | Gauntlet | Identified the +0 leather armour of Wyvoig {Dex+4}
 26322 | Gauntlet | Identified the +1 helmet of Entitlement {Int+4 Dex+4}
 26384 | Gauntlet | Identified the +2 hat "Zukho" {rPois rN++ Will+ Str-3}
 26519 | Gauntlet | Identified the ring of Pime {rPois rN+ Stlth+}
 26543 | Gauntlet | Identified the +4 helmet of Beyond {+Blink rN+ Str+4}
 27038 | Orc:1    | Reached ****** piety under Vehumet
 27186 | Orc:2    | Offered knowledge of Arcjolt by Vehumet.
 27429 | Orc:2    | Noticed an orc warlord
 27445 | Orc:2    | Killed an orc warlord
 28094 | Orc:2    | Found Hoploa's Vocational Training.
 28103 | Orc:2    | Bought a manual of Evocations for 800 gold pieces
 28132 | Orc:2    | Found Ceorha's Book Boutique.
 28264 | Orc:2    | Found a staircase to the Elven Halls.
 28283 | Orc:2    | Found Oxtinia's Antique Weapon Boutique.
 28349 | Orc:2    | Found Oweng's Antique Armour Emporium.
 28441 | Orc:2    | Found Haesmom's General Store.
 28449 | Orc:2    | Bought 2 potions of curing for 72 gold pieces
 28449 | Orc:2    | Bought a scroll of enchant weapon for 90 gold pieces
 28449 | Orc:2    | Bought a scroll of teleportation for 36 gold pieces
 28701 | Snake:1  | Entered Level 1 of the Snake Pit
 28711 | Snake:1  | Found a runed translucent gate.
 28712 | Snake:1  | Found a runed translucent gate.
 28712 | Snake:1  | Noticed zhionzacheriah's ghost (journeyman TrBe)
 28713 | Snake:1  | Found a runed translucent gate.
 28856 | Snake:1  | Noticed Nikola
 28878 | Snake:1  | Killed Nikola
 28888 | Snake:1  | Reached XP level 16. HP: 55/100 MP: 2/30
 29640 | Snake:1  | Noticed Roxanne
 29681 | Snake:1  | Killed Roxanne
 31022 | Snake:1  | Killed zhionzacheriah's ghost
 31097 | Snake:1  | Identified the +0 pair of gloves of Acenak {Str+2}
 31396 | Snake:2  | Offered knowledge of Irradiate by Vehumet.
 31405 | Snake:1  | Learned a level 5 spell: Irradiate
 31754 | Snake:2  | Reached skill level 1 in Transmutations
 31756 | Snake:2  | Reached skill level 5 in Evocations
 32768 | Snake:2  | Noticed Aizul
 32775 | Snake:2  | Killed Aizul
 34244 | Snake:3  | Found Soj Gul's Armour Shop.
 34246 | Snake:3  | Found Neoghi Vadi's General Store.
 34248 | Snake:3  | Found Avvusan's Antique Weapon Shop.
 34256 | Snake:3  | Bought a translucent flail for 229 gold pieces
 34256 | Snake:3  | Identified the +5 flail of Overwhelming Force {freeze,
                  | Fragile Str+5} (You bought it in a shop on level 3 of the
                  | Snake Pit)
 34256 | Snake:3  | Bought an ichor-stained whip for 202 gold pieces
 34256 | Snake:3  | Identified the +8 whip of Fundamental Breach {antimagic,
                  | Int+3} (You bought it in a shop on level 3 of the Snake
                  | Pit)
 34295 | Snake:3  | Acquired 1191 gold pieces
 34776 | Snake:3  | Reached XP level 17. HP: 108/108 MP: 32/32
 34923 | Snake:3  | Offered knowledge of Conjure Ball Lightning by Vehumet.
 35118 | Snake:3  | Reached skill level 5 in Staves
 36722 | Snake:4  | Entered Level 4 of the Snake Pit
 36875 | Snake:4  | Reached skill level 10 in Fire Magic
 39055 | Snake:4  | Offered knowledge of Eringya's Noxious Bog by Vehumet.
 39948 | Snake:4  | Reached XP level 18. HP: 61/115 MP: 27/34
 40336 | Snake:4  | Got a serpentine rune of Zot
 40608 | Shoals:1 | Entered Level 1 of the Shoals
 40638 | Shoals:1 | Identified the +0 rapier of Ascent {chaos, rF- Int+4}
 40901 | Shoals:1 | Reached skill level 1 in Shields
 41160 | Shoals:1 | Found Fionic Xaeb's Magic Scroll Emporium.
 41164 | Shoals:1 | Bought a scroll of teleportation for 42 gold pieces
 41164 | Shoals:1 | Bought a scroll of blinking for 105 gold pieces
 41384 | Shoals:1 | Offered knowledge of Maxwell's Capacitive Coupling by
                  | Vehumet.
 42643 | Shoals:2 | Learned a level 5 spell: Fireball
 43235 | Shoals:2 | Got Tenicia's Meditations on the Cemetery
 43410 | Shoals:2 | Found Xaniedel's Antique Armour Shop.
 43421 | Shoals:2 | Bought an embroidered robe for 107 gold pieces
 43421 | Shoals:2 | Bought a wizard robe for 165 gold pieces
 43421 | Shoals:2 | Identified the +1 robe of Daisies {Str+4} (You bought it in
                  | a shop on level 2 of the Shoals)
 43615 | Shoals:3 | Noticed Jorgrun
 43623 | Shoals:3 | Killed Jorgrun
 43959 | Shoals:3 | Offered knowledge of Fire Storm by Vehumet.
 43959 | Shoals:3 | Offered knowledge of Shatter by Vehumet.
 43959 | Shoals:3 | Offered knowledge of Polar Vortex by Vehumet.
 44387 | Shoals:3 | Noticed Kirke
 44487 | Shoals:3 | Killed Kirke
 44740 | Shoals:4 | Entered Level 4 of the Shoals
 44740 | Shoals:4 | Noticed Mlioglotl
 44740 | Shoals:4 | Found a blossoming altar of Fedhas.
 44868 | Shoals:4 | Reached skill level 10 in Evocations
 45139 | Shoals:4 | Paralysed by an air elemental for 1 turns
 45213 | Shoals:4 | Killed Mlioglotl
 45293 | Shoals:4 | Reached XP level 19. HP: 78/121 MP: 18/35
 45628 | Shoals:4 | Identified the +3 hand axe of Analysis {heavy, *Corrode
                  | rN++ Will+}
 45628 | Shoals:4 | Identified the amulet "Qivoz" {Acrobat Contam rF+ rC++
                  | rN+++}
 45926 | Shoals:4 | Reached skill level 5 in Shields
 46084 | Shoals:4 | Identified the staff of air "Hesiz" {rElec Dex+3}
 46100 | Shoals:4 | Got a barnacled rune of Zot
 46607 | D:13     | Found a gate to the Vaults.
 46774 | D:13     | Noticed Frances
 46782 | D:13     | Killed Frances
 46915 | D:13     | Found an iron altar of Okawaru.
 47314 | D:13     | Found Iralien's Magic Scroll Emporium.
 47317 | D:13     | Bought a scroll of enchant weapon for 112 gold pieces
 47317 | D:13     | Bought 2 scrolls of teleportation for 90 gold pieces
 47317 | D:13     | Bought a scroll of teleportation for 45 gold pieces
 47317 | D:13     | Bought a scroll of amnesia for 60 gold pieces
 47859 | D:14     | Found a glowing golden altar of the Shining One.
 48509 | D:15     | Entered Level 15 of the Dungeon
 48907 | D:15     | Noticed Louise
 48914 | D:15     | Killed Louise
 49122 | D:15     | Reached skill level 15 in Fighting
 49511 | D:15     | Found an opulent altar of Gozag.
 49633 | D:15     | Found a staircase to the Depths.
 50021 | Elf:1    | Entered Level 1 of the Elven Halls
 50031 | Elf:1    | Identified the +9 scimitar "Decvuj" {spect, Str+3 Int+4}
 50457 | Elf:1    | Found Dupp's Jewellery Emporium.
 50458 | Elf:1    | Found Gimaf's Book Shop.
 50460 | Elf:1    | Found Duisuy's Jewellery Emporium.
 50472 | Elf:1    | Bought the macabre finger necklace {Finger+ rN+} for 760
                  | gold pieces
 50472 | Elf:1    | Found the macabre finger necklace {Finger+ rN+}
 50476 | Elf:1    | Bought a ring of resist corrosion for 320 gold pieces
 50476 | Elf:1    | Bought a ring of wizardry for 480 gold pieces
 50567 | Elf:1    | Found Viom Fyf's Antique Weapon Shop.
 50576 | Elf:1    | Bought a pitted flail for 272 gold pieces
 50576 | Elf:1    | Identified the +7 flail "Wotat" {heavy, rPois rC+ Int+4}
                  | (You bought it in a shop on level 1 of the Elven Halls)
 50983 | Elf:1    | Got Qichol's Directory of Ice
 50990 | Elf:1    | Got Ivygoth's Almanac of Electricity
 51001 | Elf:1    | Got Zupuil's Compilation of Kindling
 51226 | Elf:1    | Reached XP level 20. HP: 131/131 MP: 31/37
 51549 | Elf:1    | Identified the +0 ring mail of Disguise {rN+ Int+4 Stlth-}
 52490 | Elf:2    | Found a runed translucent gate.
 52490 | Elf:2    | Found a runed translucent gate.
 52490 | Elf:2    | Found a runed translucent gate.
 52847 | Elf:2    | Noticed Saint Roka
 52847 | Elf:2    | Paralysed by an air elemental for 1 turns
 52862 | Elf:2    | Killed Saint Roka
 54779 | Elf:3    | Entered Level 3 of the Elven Halls
 55234 | Elf:3    | Found Edezodim's Antique Armour Shoppe.
 55244 | Elf:3    | Bought a glowing leather armour for 155 gold pieces
 55244 | Elf:3    | Bought a glowing robe for 114 gold pieces
 55890 | Elf:3    | Reached skill level 15 in Conjurations
 56112 | Elf:3    | Identified the +5 war axe of the Vestibule of Hell {flame,
                  | rPois}
 56118 | Elf:3    | Identified the +8 mace "Ruhuhiap" {drain, rC+ Str-4 Int+8}
 56289 | Elf:3    | Identified the +1 mace of Resumed Hostilities {flame,
                  | *Noise rPois Str+6}
 56330 | Elf:3    | Identified the +0 scale mail "Vyqes" {rPois rN+}
 56362 | Elf:3    | Identified the +2 crystal plate armour of Kaod {rC+ Str+5}
 56415 | Elf:3    | Learned a level 9 spell: Shatter
 56418 | Elf:3    | Found the +2 shield of Resistance {rF++ rC++ Will++}
 56422 | Elf:3    | Identified the +6 scale mail "Utwenaz" {Harm SInv}
 56430 | Elf:3    | Got Ykyiriss's Tome of the Transformed Gift
 56445 | Elf:3    | Identified the +0 short sword "Kut Jeonepn" {freeze, rPois
                  | rCorr Dex+2 Stlth+}
 56453 | Elf:3    | Identified the staff of cold "Xesueshri" {rC+ Int+2}
 56790 | Slime:1  | Entered Level 1 of the Pits of Slime
 56793 | Slime:1  | Reached XP level 21. HP: 139/139 MP: 38/39
 57994 | Slime:2  | Found a viscous altar of Jiyva.
 58838 | Slime:3  | Paralysed by a floating eye for 3 turns
 58850 | Slime:3  | Paralysed by a floating eye for 4 turns
 60089 | Slime:5  | Entered Level 5 of the Pits of Slime
 60105 | Slime:5  | Noticed the Royal Jelly
 61358 | Slime:5  | Found a viscous altar of Jiyva.
 61534 | Slime:5  | Killed the Royal Jelly
 61715 | Slime:5  | Found the amulet of Vitality {RegenMP++ Regen++}
 61882 | Slime:5  | Gained mutation: You are frail. (-10% HP) [mutagenic glow]
 61908 | Slime:5  | Identified the +9 short sword of the Ancient Invaders
                  | {freeze, *Rage rElec rPois SInv}
 61916 | Slime:5  | Got a slimy rune of Zot
 61918 | Slime:5  | Got Pokad Hapan's Compilation of the White Gift
 61922 | Slime:5  | Identified the staff of death "Zevoazas" {rElec rN+ Str+4}
 61950 | Slime:5  | Identified the +1 helmet of Weightlessness {Str+2}
 61951 | Slime:5  | Identified the staff of poison "Ylov" {rPois rC+}
 61954 | Slime:5  | Got the Directory of Attendants
 61961 | Slime:5  | Identified the +1 pair of boots of Miph {-Cast rF+ Str+4
                  | Slay+6 Stlth+}
 61964 | Slime:5  | Identified the +4 rapier of the Living God {vamp, rN+
                  | Dex+3}
 61967 | Slime:5  | Identified the +0 leather armour of the Lair of Beasts
                  | {Stlth+}
 62277 | Vaults:1 | Entered Level 1 of the Vaults
 62418 | Vaults:1 | Reached XP level 22. HP: 133/133 MP: 40/40
 64438 | Vaults:2 | Found the +8 whip "Snakebite" {venom, curare, rPois}
 64788 | Vaults:3 | Found a staircase to the Crypt.
 64894 | Vaults:3 | Found a runed translucent gate.
 64894 | Vaults:3 | Found a runed translucent gate.
 64894 | Vaults:3 | Found a runed translucent gate.
 64895 | Vaults:3 | Noticed eruonna's ghost (veteran HOBe)
 65127 | Vaults:3 | Reached XP level 23. HP: 128/140 MP: 41/41
 65885 | Vaults:3 | Killed eruonna's ghost
 66066 | Vaults:4 | Noticed Bai Suzhen
 66072 | Vaults:4 | Killed Bai Suzhen
 66179 | Vaults:4 | Found Sun Ydod's Antique Armour Shoppe.
 66265 | Vaults:4 | Noticed Boris
 66273 | Vaults:4 | Killed Boris
 66869 | Vaults:4 | Noticed Frederick
 66873 | Vaults:4 | Killed Frederick
 66936 | Vaults:5 | Entered Level 5 of the Vaults
 66938 | Vaults:5 | Reached skill level 27 in Earth Magic
 66939 | Vaults:5 | Noticed a golden dragon
 66951 | Vaults:4 | Killed a golden dragon
 66975 | Vaults:5 | Reached XP level 24. HP: 151/151 MP: 41/41
 66981 | Vaults:5 | Noticed a dread lich
 67022 | Vaults:5 | Killed a dread lich
 67025 | Vaults:5 | Noticed an ancient lich
 67029 | Vaults:5 | Killed an ancient lich
 67255 | Vaults:5 | Identified the +4 falchion "Meujien" {flame, rF- rCorr
                  | Dex+8 Stlth-}
 67257 | Vaults:5 | Identified the ring "Veuti" {rCorr Str+4}
 67318 | Vaults:5 | Got Sif Muna's Compilation of Prime Oromancy
 67543 | Vaults:5 | Got the Compilation of the Radiant Serac
 67736 | Vaults:5 | Got a silver rune of Zot
 67756 | Vaults:5 | Identified the +3 leather armour of Eluew {Regen+}
 68583 | Crypt:1  | Entered Level 1 of the Crypt
 69156 | Crypt:1  | Found a basalt altar of Yredelemnul.
 69520 | Crypt:2  | Reached XP level 25. HP: 131/162 MP: 27/41
 69683 | Crypt:2  | Got the Incunable of Malignant Deeds
 69927 | Crypt:2  | Acquired 576 gold pieces
 69946 | Crypt:2  | Found a burning altar of Makhleb.
 69955 | Crypt:2  | Identified the staff of cold "Seriex" {rC+ rCorr}
 70361 | Crypt:3  | Entered Level 3 of the Crypt
 70414 | Crypt:3  | Reached skill level 15 in Spellcasting
 70595 | Crypt:3  | Gained mutation: You are weak. (Str -2) [mutagenic glow]
 70735 | Crypt:3  | Noticed Xtahua
 70740 | Crypt:3  | Killed Xtahua
 70835 | Crypt:3  | Identified the amulet "Badonag" {Contam rElec rC+ Regen+}
 70939 | Crypt:3  | Noticed Jory
 70950 | Crypt:3  | Killed Jory
 71030 | Crypt:3  | Found a staircase to the Tomb.
 71346 | Crypt:3  | Identified the ring "Uqam" {rElec rN+ SInv Stlth+}
 71346 | Crypt:3  | Identified the ring of the Little Devil {rElec rF+ rN+
                  | Str-2}
 71354 | Crypt:3  | Identified the ring "Piubups" {rF+ Str+4 Int+3 SInv}
 71435 | Crypt:3  | Got Vecocs's Spellbook of Hurting and Creation
 72199 | Depths:1 | Entered Level 1 of the Depths
 72219 | Depths:1 | Found a gateway to Hell.
 72262 | Depths:1 | Noticed Sojobo
 72272 | Depths:1 | Killed Sojobo
 72337 | Depths:1 | Found Pocriefu's Weapon Emporium.
 72337 | Depths:1 | Found Owimn's Assorted Antiques.
 72352 | Depths:1 | Bought a scroll of amnesia for 68 gold pieces
 72352 | Depths:1 | Bought a dazzling cloak for 161 gold pieces
 72352 | Depths:1 | Identified the +2 cloak of Feecy {rF+ Will+ Int-5} (You
                  | bought it in a shop on level 1 of the Depths)
 72488 | Depths:1 | Found a one-way gate leading to the halls of Pandemonium.
 72547 | Depths:1 | Found a shimmering blue altar of Sif Muna.
 72689 | Depths:1 | Identified the +7 double sword of Inference {flame, rC- rN+
                  | Str+3 Int+3}
 72694 | Depths:1 | Identified the +7 double sword of Nikh {antimagic, Fly rF+
                  | Str+4 Dex+3}
 73059 | Depths:2 | Found a sacrificial altar of Ru.
 73330 | Depths:2 | Reached XP level 26. HP: 164/172 MP: 42/42
 73331 | Depths:2 | Gained mutation: Armour fits poorly on your strangely
                  | shaped body. [mutagenic glow]
 73496 | Depths:2 | Found a one-way gateway to a ziggurat.
 73571 | Depths:2 | Found a one-way gate to the infinite horrors of the Abyss.
 73771 | Depths:2 | Gained mutation: You are clumsy. (Dex -2) [a neqoxec]
 73773 | Depths:2 | Lost mutation: You are clumsy. (Dex -2) [potion of
                  | mutation]
 73773 | Depths:2 | Lost mutation: You are weak. (Str -2) [potion of mutation]
 73773 | Depths:2 | Gained mutation: You possess an exceptional clarity of
                  | mind. [potion of mutation]
 73773 | Depths:2 | Gained mutation: You are partially covered in iridescent
                  | scales. (AC +2) [potion of mutation]
 73773 | Depths:2 | Gained mutation: You occasionally lose the ability to drink
                  | potions when taking damage. [potion of mutation]
 74114 | Depths:3 | Noticed a juggernaut
 74116 | Depths:3 | Noticed a juggernaut
 74118 | Depths:3 | Killed a juggernaut
 74119 | Depths:3 | Killed a juggernaut
 74206 | Depths:3 | Acquired 854 gold pieces
 74218 | Depths:3 | Acquired 534 gold pieces
 74264 | Depths:3 | Identified the +9 quarterstaff of the Dungeon {flame,
                  | Will++ Dex+4}
 74290 | Depths:3 | Identified the +0 chain mail of Zoelu {Harm Int+4}
 74300 | Depths:3 | Reached skill level 27 in Fighting
 74968 | Depths:3 | Identified the +11 whip "Werchat" {drain, rN+}
 75395 | Depths:4 | Entered Level 4 of the Depths
 75528 | Depths:4 | Reached skill level 15 in Fire Magic
 75547 | Depths:4 | Noticed a juggernaut
 75556 | Depths:4 | Killed a juggernaut
 75624 | Depths:4 | Noticed Boris
 75629 | Depths:4 | Killed Boris
 76070 | Depths:4 | Identified the ring of Degam {rF- Int+7 Dex+3 SInv Stlth+}
 76077 | Depths:4 | Reached skill level 10 in Shields
 76128 | Depths:4 | Found a gate to the Realm of Zot.
 76566 | Zot:1    | Entered Level 1 of the Realm of Zot
 76708 | Zot:1    | Reached XP level 27. HP: 179/179 MP: 43/44
 78440 | Zot:3    | Lost mutation: You possess an exceptional clarity of mind.
                  | [potion of mutation]
 78440 | Zot:3    | Lost mutation: You occasionally lose the ability to drink
                  | potions when taking damage. [potion of mutation]
 78440 | Zot:3    | Gained mutation: You are weak. (Str -2) [potion of
                  | mutation]
 78440 | Zot:3    | Gained mutation: You have a pair of small horns on your
                  | head. [potion of mutation]
 78489 | Zot:3    | Lost mutation: You have a pair of small horns on your head.
                  | [potion of mutation]
 78489 | Zot:3    | Lost mutation: You are weak. (Str -2) [potion of mutation]
 78489 | Zot:3    | Gained mutation: You possess an exceptional clarity of
                  | mind. [potion of mutation]
 78489 | Zot:3    | Lost mutation: You are frail. (-10% HP) [potion of
                  | mutation]
 78560 | Zot:3    | Noticed Vv
 78563 | Zot:3    | Killed Vv
 78629 | Zot:3    | Found the +4 dragonskin cloak
 78629 | Zot:3    | Noticed Tiamat
 79321 | Zot:3    | Killed Tiamat
 80126 | Zot:4    | Learned a level 8 spell: Ignition
 80407 | Zot:4    | Noticed a dread lich
 80412 | Zot:4    | Killed a dread lich
 80418 | Zot:4    | Noticed a dread lich
 80422 | Zot:4    | Noticed a dread lich
 80424 | Zot:4    | Killed a dread lich
 80573 | Zot:4    | Found the +3 pair of mountain boots {steadfast, rC+}
 80589 | Zot:4    | Identified the staff of death "Maathr Wuxoi" {rC+ rN+
                  | Str+8}
 80709 | Zot:4    | Killed a dread lich
 81148 | Zot:5    | Entered Level 5 of the Realm of Zot
 81150 | Zot:5    | Noticed an orb of fire
 81184 | Zot:5    | Killed an orb of fire
 81498 | Zot:5    | Noticed an orb of fire
 81508 | Zot:5    | Killed an orb of fire
 81521 | Zot:5    | Noticed a dread lich
 81529 | Zot:5    | Killed a dread lich
 81535 | Zot:5    | Noticed a dread lich
 81561 | Zot:4    | Killed a dread lich
 81832 | Zot:5    | Noticed a dread lich
 81837 | Zot:5    | Noticed an orb of fire
 81838 | Zot:5    | Killed a dread lich
 81840 | Zot:5    | Gained mutation: You do not regenerate when monsters are
                  | visible. [an orb of fire]
 81844 | Zot:5    | Noticed an orb of fire
 81849 | Zot:5    | Gained mutation: You are frail. (-10% HP) [an orb of fire]
 81850 | Zot:5    | Killed an orb of fire
 81853 | Zot:5    | Gained mutation: Your magical capacity is low. (-10% MP)
                  | [an orb of fire]
 81871 | Zot:4    | Lost mutation: Your magical capacity is low. (-10% MP)
                  | [potion of mutation]
 81871 | Zot:4    | Lost mutation: Armour fits poorly on your strangely shaped
                  | body. [potion of mutation]
 81871 | Zot:4    | Lost mutation: You are frail. (-10% HP) [potion of
                  | mutation]
 81871 | Zot:4    | Gained mutation: You have a pair of small horns on your
                  | head. [potion of mutation]
 81872 | Zot:4    | Lost mutation: You have a pair of small horns on your head.
                  | [potion of mutation]
 81872 | Zot:4    | Lost mutation: You do not regenerate when monsters are
                  | visible. [potion of mutation]
 81872 | Zot:4    | Gained mutation: Your mind is acute. (Int +4, Str/Dex -1)
                  | [potion of mutation]
 81872 | Zot:4    | Gained mutation: Your mind is very acute. (Int +8, Str/Dex
                  | -2) [potion of mutation]
 81872 | Zot:4    | Gained mutation: Your flesh is heat resistant. (rF+)
                  | [potion of mutation]
 81922 | Zot:5    | Gained mutation: Your body sometimes deteriorates upon
                  | taking damage. [an orb of fire]
 81924 | Zot:5    | Killed an orb of fire
 81994 | Zot:5    | Noticed an orb of fire
 81997 | Zot:5    | Gained mutation: Your magical capacity is low. (-10% MP)
                  | [an orb of fire]
 82003 | Zot:5    | Gained mutation: Your body often deteriorates upon taking
                  | damage. [an orb of fire]
 82004 | Zot:5    | Killed an orb of fire
 82407 | Hell     | Entered the Vestibule of Hell
 82407 | Hell     | Noticed Geryon
 82418 | Hell     | Killed Geryon
 82585 | Hell     | Found a gateway to the Iron City of Dis.
 82639 | Hell     | Found a gateway to the ashen valley of Gehenna.
 82723 | Hell     | Found a gateway to the freezing wastes of Cocytus.
 82871 | Hell     | Found a gateway to the decaying netherworld of Tartarus.
 83183 | Dis:1    | Entered Level 1 of the Iron City of Dis
 84270 | Dis:7    | Entered Level 7 of the Iron City of Dis
 84464 | Dis:7    | Noticed a juggernaut
 84467 | Dis:7    | Killed a juggernaut
 84551 | Dis:7    | Noticed a juggernaut
 84558 | Dis:7    | Killed a juggernaut
 84568 | Dis:7    | Noticed a juggernaut
 84574 | Dis:7    | Killed a juggernaut
 84898 | Dis:7    | Learned a level 9 spell: Fire Storm
 85326 | Dis:7    | Noticed the Serpent of Hell
 85334 | Dis:7    | Killed the Serpent of Hell
 85822 | Dis:7    | Identified the +12 battleaxe of Kismet {drain, *Rage rF+
                  | rCorr}
 85910 | Dis:7    | Found the ring of Shadows {Umbra +Inv Stlth+}
 85913 | Dis:7    | Identified the ring of Vivvay Dupe {Str+6 Int+3}
 86017 | Dis:7    | Noticed Dispater
 86033 | Dis:7    | Killed Dispater
 86062 | Dis:7    | Found the +8 Vampire's Tooth {megavamp}
 86072 | Dis:7    | Got an iron rune of Zot
 86399 | Coc:1    | Entered Level 1 of Cocytus
 87722 | Coc:7    | Entered Level 7 of Cocytus
 88414 | Coc:7    | Reached skill level 27 in Fire Magic
 88422 | Coc:7    | Reached skill level 1 in Ice Magic
 88495 | Coc:7    | Paralysed by a wendigo for 1 turns
 88594 | Coc:7    | Reached skill level 5 in Ice Magic
 88896 | Coc:7    | Identified the +7 glaive of the Ass {venom, rPois}
 88896 | Coc:7    | Noticed Antaeus
 88916 | Coc:7    | Killed Antaeus
 89020 | Coc:7    | Reached skill level 10 in Ice Magic
 89085 | Coc:7    | Identified the +11 great mace "Zarr" {flame, rF++}
 89121 | Coc:7    | Identified the +1 whip of Keplerri {flame, *Slow rElec rC-
                  | Int+8}
 89157 | Coc:7    | Got an icy rune of Zot
 89383 | Tar:1    | Entered Level 1 of Tartarus
 89392 | Tar:1    | Noticed a dread lich
 89440 | Tar:1    | Killed a dread lich
 89448 | Tar:1    | Noticed an ancient lich
 89454 | Tar:1    | Killed an ancient lich
 89871 | Tar:2    | Noticed an ancient lich
 89873 | Tar:2    | Killed an ancient lich
 90378 | Tar:4    | Reached skill level 15 in Ice Magic
 91084 | Tar:7    | Entered Level 7 of Tartarus
 91124 | Tar:7    | Learned a level 7 spell: Spellforged Servitor
 91134 | Tar:7    | Learned a level 9 spell: Polar Vortex
 91244 | Tar:7    | Noticed a dread lich
 91246 | Tar:7    | Killed a dread lich
 91248 | Tar:7    | Noticed an ancient lich
 91251 | Tar:7    | Killed an ancient lich
 91313 | Tar:7    | Got the Parchment of the Lion
 91314 | Tar:7    | Identified the amulet of Ikla {Acrobat rN++ rCorr Str-4
                  | Int+3}
 91568 | Tar:7    | Noticed an ancient lich
 91574 | Tar:7    | Killed an ancient lich
 91696 | Tar:7    | Identified the staff of fire "Moitz" {rF+ rC+ Will- Int+5}
 91713 | Tar:7    | Noticed a dread lich
 91719 | Tar:7    | Killed a dread lich
 91752 | Tar:7    | Identified the +3 triple sword of Vequ {flame, Int+3 Dex+3}
 91755 | Tar:7    | Identified the staff of conjuration "Saeskaumm" {Drain Fly
                  | rN+}
 91989 | Tar:7    | Noticed Ereshkigal
 92014 | Tar:7    | Killed Ereshkigal
 92223 | Tar:7    | Got a bone rune of Zot
 92334 | Tar:7    | Identified the +4 war axe "Idaejes" {flame, rPois rF+
                  | Will-}
 92556 | Depths:4 | Voluntarily entered the Abyss.
 92627 | Abyss:2  | Found a corrupted altar of Lugonu.
 92692 | Abyss:3  | Got an abyssal rune of Zot
 92774 | Abyss:3  | Found a corrupted altar of Lugonu.
 92801 | Depths:4 | Escaped the Abyss
 92840 | Pan      | Entered Pandemonium
 93327 | Pan      | Noticed Xaucrar the pandemonium lord
 93335 | Pan      | Killed Xaucrar the pandemonium lord
 93626 | Pan      | Found a transporter.
 94021 | Pan      | Found a transporter.
 94270 | Pan      | Identified the +1 pair of boots "Aklom" {rC+ rN+ Str+3}
 94273 | Pan      | Identified the ring of Qopifurr {rC+ rN+ SInv}
 94974 | Pan      | Noticed Cicryrae the pandemonium lord
 94976 | Pan      | Killed Cicryrae the pandemonium lord
 95117 | Pan      | Found an exit through the horrors of the Abyss.
 95465 | Pan      | Found an exit through the horrors of the Abyss.
 95480 | Pan      | Reached skill level 5 in Throwing
 95639 | Pan      | Noticed Oseahuh the pandemonium lord
 95647 | Pan      | Killed Oseahuh the pandemonium lord
 95750 | Pan      | Reached skill level 5 in Dodging
 96079 | Pan      | Noticed Piush the pandemonium lord
 96082 | Pan      | Killed Piush the pandemonium lord
 96181 | Pan      | Learned a level 4 spell: Summon Lightning Spire
 96226 | Pan      | Found an exit through the horrors of the Abyss.
 97074 | Pan      | Noticed Zonlor the pandemonium lord
 97085 | Pan      | Killed Zonlor the pandemonium lord
 98565 | Pan      | Noticed Pelushreg the pandemonium lord
 98569 | Pan      | Reached skill level 10 in Armour
 98572 | Pan      | Killed Pelushreg the pandemonium lord
 98625 | Pan      | Got a demonic rune of Zot
 98974 | Pan      | Found a runed translucent door.
 98975 | Pan      | Noticed Rishruqua the pandemonium lord
 98990 | Pan      | Found a runed translucent door.
 99005 | Pan      | Found a runed translucent door.
 99010 | Pan      | Killed Rishruqua the pandemonium lord
 99066 | Pan      | Found a runed translucent door.
 99082 | Pan      | Identified the +5 sling of the Dungeon {antimagic, rPois}
 99498 | Pan      | Entered the realm of Gloorx Vloq.
 99498 | Pan      | Noticed Gloorx Vloq
 99511 | Pan      | Killed Gloorx Vloq
 99576 | Pan      | Got a dark rune of Zot
 99710 | Pan      | Found an exit through the horrors of the Abyss.
 99974 | Pan      | Noticed Mennas
 99986 | Pan      | Killed Mennas
100705 | Pan      | Found an exit through the horrors of the Abyss.
100803 | Pan      | Found a runed translucent door.
100815 | Pan      | Noticed Cypam the pandemonium lord
100825 | Pan      | Killed Cypam the pandemonium lord
100863 | Pan      | Found a runed translucent door.
100870 | Pan      | Found a runed translucent door.
100870 | Pan      | Found a runed translucent door.
100911 | Pan      | Identified the ring of Jyured {rCorr Str+5 SInv}
101089 | Pan      | Noticed Qaec the pandemonium lord
101098 | Pan      | Killed Qaec the pandemonium lord
101099 | Pan      | Reached skill level 10 in Throwing
102221 | Pan      | Noticed Rompakiga the pandemonium lord
102224 | Pan      | Killed Rompakiga the pandemonium lord
103029 | Pan      | Noticed Yvephut the pandemonium lord
103039 | Pan      | Killed Yvephut the pandemonium lord
103047 | Pan      | Lost mutation: Your mind is very acute. (Int +8, Str/Dex
                  | -2) [a neqoxec]
103050 | Pan      | Gained mutation: You are weak. (Str -2) [a neqoxec]
103052 | Pan      | Lost mutation: You possess an exceptional clarity of mind.
                  | [a neqoxec]
103918 | Pan      | Entered the realm of Mnoleg.
103975 | Pan      | Found an exit through the horrors of the Abyss.
104339 | Pan      | Gained mutation: You are very weak. (Str -4) [a cacodemon]
104415 | Pan      | Gained mutation: You are frail. (-10% HP) [a neqoxec]
104433 | Pan      | Lost mutation: You are very weak. (Str -4) [potion of
                  | mutation]
104433 | Pan      | Lost mutation: Your flesh is heat resistant. (rF+) [potion
                  | of mutation]
104433 | Pan      | Lost mutation: Your mind is acute. (Int +4, Str/Dex -1)
                  | [potion of mutation]
104433 | Pan      | Gained mutation: You occasionally lose the ability to drink
                  | potions when taking damage. [potion of mutation]
104434 | Pan      | Lost mutation: You are frail. (-10% HP) [potion of
                  | mutation]
104434 | Pan      | Lost mutation: Your body often deteriorates upon taking
                  | damage. [potion of mutation]
104434 | Pan      | Gained mutation: Your magical capacity is very low. (-20%
                  | MP) [potion of mutation]
104435 | Pan      | Lost mutation: You are partially covered in iridescent
                  | scales. (AC +2) [potion of mutation]
104435 | Pan      | Lost mutation: You occasionally lose the ability to drink
                  | potions when taking damage. [potion of mutation]
104435 | Pan      | Lost mutation: You are weak. (Str -2) [potion of mutation]
104435 | Pan      | Lost mutation: Your magical capacity is very low. (-20% MP)
                  | [potion of mutation]
104435 | Pan      | Gained mutation: Your movements are slightly less
                  | encumbered by armour. (ER -2) [potion of mutation]
104435 | Pan      | Gained mutation: You have large cloven feet. [potion of
                  | mutation]
104436 | Pan      | Lost mutation: You have large cloven feet. [potion of
                  | mutation]
104436 | Pan      | Lost mutation: Your movements are slightly less encumbered
                  | by armour. (ER -2) [potion of mutation]
104436 | Pan      | Lost mutation: Your body sometimes deteriorates upon taking
                  | damage. [potion of mutation]
104436 | Pan      | Gained mutation: You occasionally shout uncontrollably at
                  | your foes. [potion of mutation]
104436 | Pan      | Gained mutation: You occasionally lose the ability to drink
                  | potions when taking damage. [potion of mutation]
104436 | Pan      | Gained mutation: A frigid envelope surrounds you and
                  | freezes all who hurt you. [potion of mutation]
104437 | Pan      | Lost mutation: Your magical capacity is low. (-10% MP)
                  | [potion of mutation]
104437 | Pan      | Lost mutation: A frigid envelope surrounds you and freezes
                  | all who hurt you. [potion of mutation]
104437 | Pan      | Gained mutation: You have hidden genetic defects. [potion
                  | of mutation]
104437 | Pan      | Gained mutation: Your flesh is cold resistant. (rC+)
                  | [potion of mutation]
104589 | Pan      | Noticed Mnoleg
104595 | Pan      | Killed Mnoleg
104599 | Pan      | Gained mutation: Armour fits poorly on your strangely
                  | shaped body. [a cacodemon]
104600 | Pan      | Gained mutation: You are clumsy. (Dex -2) [a cacodemon]
104758 | Pan      | Got a glowing rune of Zot
105090 | Pan      | Entered the realm of Cerebov.
105394 | Pan      | Gained mutation: You occasionally lose the ability to read
                  | scrolls when taking damage. [hidden defects]
105432 | Pan      | Got Sif Muna's Enchiridion on the Atmosphere
105443 | Pan      | Learned a level 9 spell: Chain Lightning
105992 | Pan      | Found the +6 sword of Cerebov {flame}
105992 | Pan      | Noticed Cerebov
106006 | Pan      | Killed Cerebov
106078 | Pan      | Identified the +5 rapier "Higrun" {protect, *Corrode rC+
                  | rN+ Will++}
106080 | Pan      | Identified the +4 chain mail of Mir Vodwaoju {rC- Regen+
                  | Slay+3}
106099 | Pan      | Identified the ring "Waumugh" {Contam Fly rC++ rCorr Dex+6}
106144 | Pan      | Identified the +3 war axe of the Butterfly {speed, Fragile
                  | Int+4}
106211 | Pan      | Got a fiery rune of Zot
106324 | Pan      | Identified the +4 shortbow "Ogre's Funeral" {elec, Str+5}
106331 | Pan      | Identified the ring of the Screaming Gods {rPois rC-
                  | Will+++ Int-2 Dex+6}
106369 | Pan      | Gained mutation: You are frail. (-10% HP) [hidden defects]
106369 | Pan      | Lost mutation: You have hidden genetic defects. [hidden
                  | defects expressed]
106431 | Pan      | Lost mutation: You occasionally shout uncontrollably at
                  | your foes. [potion of mutation]
106431 | Pan      | Lost mutation: You occasionally lose the ability to read
                  | scrolls when taking damage. [potion of mutation]
106431 | Pan      | Gained mutation: You have large cloven feet. [potion of
                  | mutation]
106431 | Pan      | Lost mutation: You are clumsy. (Dex -2) [potion of
                  | mutation]
106431 | Pan      | Gained mutation: You have hoof-like feet. [potion of
                  | mutation]
106462 | Pan      | Reached skill level 15 in Armour
106518 | Pan      | Reached skill level 5 in Air Magic
106553 | Pan      | Identified the staff of earth "Nehiten" {rC+ Will+}
106699 | Pan      | Identified the +3 hand axe "Ocvimem" {antimagic, Int+3}
106706 | Pan      | Noticed Ynuratotz the pandemonium lord
106719 | Pan      | Killed Ynuratotz the pandemonium lord
106944 | Pan      | Entered the realm of Lom Lobon.
107301 | Pan      | Found an exit through the horrors of the Abyss.
107754 | Pan      | Noticed Lom Lobon
107770 | Pan      | Killed Lom Lobon
107860 | Pan      | Got a magical rune of Zot
107978 | Pan      | Found an exit through the horrors of the Abyss.
107987 | Pan      | Took an exit into the Abyss.
107987 | Abyss:3  | Escaped into the Abyss
107997 | Depths:2 | Escaped the Abyss
108072 | Zig:1    | Entered Level 1 of a ziggurat
108107 | Zig:2    | Entered Level 2 of a ziggurat
108117 | Zig:2    | Identified the +7 sling "Pesaus" {heavy, Fly Str-4 SInv
                  | Stlth+}
108123 | Zig:3    | Entered Level 3 of a ziggurat
108137 | Zig:3    | Identified the +12 great sword "Ninefonae" {flame, rPois
                  | Will+ Str-3 Dex+3}
108148 | Zig:4    | Entered Level 4 of a ziggurat
108178 | Zig:5    | Entered Level 5 of a ziggurat
108203 | Zig:6    | Entered Level 6 of a ziggurat
108228 | Zig:7    | Entered Level 7 of a ziggurat
108248 | Zig:7    | Identified the +0 scale mail "Omut" {+Inv rF- Int+7}
108257 | Zig:7    | Identified the staff of conjuration "Engid Pimyo" {rPois
                  | rN+++ Will- MP+9}
108263 | Zig:8    | Entered Level 8 of a ziggurat
108296 | Zig:8    | Got the Spellbook of Illusion
108300 | Zig:8    | Identified the +8 mace "Byesit" {holy, rN+ Int+4}
108311 | Zig:9    | Entered Level 9 of a ziggurat
108319 | Zig:9    | Noticed a dread lich
108319 | Zig:9    | Noticed a dread lich
108321 | Zig:9    | Killed a dread lich
108322 | Zig:9    | Killed a dread lich
108323 | Zig:9    | Noticed a dread lich
108325 | Zig:9    | Killed a dread lich
108341 | Zig:9    | Identified the +7 short sword "Kicwisoc" {heavy, Will++
                  | Str+4 SInv}
108345 | Zig:9    | Acquired 439 gold pieces
108366 | Zig:10   | Entered Level 10 of a ziggurat
108377 | Zig:10   | Noticed Hyamita the pandemonium lord
108378 | Zig:10   | Reached skill level 10 in Dodging
108380 | Zig:10   | Noticed Veuno the pandemonium lord
108385 | Zig:10   | Killed Hyamita the pandemonium lord
108387 | Zig:10   | Killed Veuno the pandemonium lord
108415 | Zig:11   | Entered Level 11 of a ziggurat
108426 | Zig:11   | Noticed a juggernaut
108431 | Zig:11   | Killed a juggernaut
108443 | Zig:11   | Identified the +2 morningstar of Inflation {drain, Str+3}
108448 | Zig:11   | Identified the +8 arbalest "Gadoif" {penet, rElec rN+
                  | Dex+2}
108465 | Zig:12   | Entered Level 12 of a ziggurat
108472 | Zig:12   | Noticed Gaofo the pandemonium lord
108476 | Zig:12   | Noticed Iceu the pandemonium lord
108478 | Zig:12   | Killed Gaofo the pandemonium lord
108481 | Zig:12   | Killed Iceu the pandemonium lord
108497 | Zig:12   | Identified the staff of conjuration "Orghouc" {rElec rPois
                  | Str+3 Dex+4}
108521 | Zig:13   | Entered Level 13 of a ziggurat
108534 | Zig:13   | Found the +7 Spriggan's Knife {stab, EV+4 Stlth+}
108543 | Zig:13   | Reached skill level 27 in Conjurations
108590 | Zig:13   | Identified the ring of the Lion {*Slow rElec rF+ rC+ rCorr}
108592 | Zig:13   | Identified the staff of death "Poav" {rN+ MP+9 Str-5 Int+8
                  | Dex-5}
108593 | Zig:13   | Identified the staff of air "Heuth" {rElec rPois MP+9 Dex+5
                  | Stlth-}
108599 | Zig:13   | Identified the staff of conjuration "Tellitij" {Int+5
                  | Stlth+}
108603 | Zig:14   | Entered Level 14 of a ziggurat
108623 | Zig:14   | Reached skill level 10 in Air Magic
108629 | Zig:14   | Identified the +0 scale mail of Itiati {rPois Int-2 Dex+5
                  | SInv}
108643 | Zig:14   | Identified the +10 dagger of Eshratzo {flame, Will+ Str+3
                  | Int+3}
108650 | Zig:15   | Entered Level 15 of a ziggurat
108690 | Zig:15   | Identified the +0 scale mail "Ulluesi" {*Slow +Inv rC+
                  | Dex+6}
108692 | Zig:15   | Identified the +3 scale mail of Alie {-Cast Fly Will+
                  | Stlth+}
108696 | Zig:15   | Identified the +2 scale mail of Areraidule {Int+5}
108697 | Zig:15   | Identified the ring "Vukion" {*Corrode rElec rC+ Int+6
                  | Dex+2}
108698 | Zig:15   | Identified the ring of the Furies {Wiz Dex+4}
108710 | Zig:16   | Entered Level 16 of a ziggurat
108742 | Zig:16   | Found the +3 crown of Dyrovepreva {rElec Int+2 SInv}
108752 | Zig:16   | Identified the +8 dagger of the Crafting Salmon {heavy,
                  | rPois Will+}
108765 | Zig:16   | Identified the +10 triple sword of Impatience {freeze, rC+
                  | Int+2}
108774 | Zig:17   | Entered Level 17 of a ziggurat
108788 | Zig:17   | Noticed a juggernaut
108789 | Zig:17   | Noticed a juggernaut
108794 | Zig:17   | Killed a juggernaut
108794 | Zig:17   | Killed a juggernaut
108795 | Zig:17   | Lost mutation: Your flesh is cold resistant. (rC+) [potion
                  | of mutation]
108795 | Zig:17   | Lost mutation: Armour fits poorly on your strangely shaped
                  | body. [potion of mutation]
108795 | Zig:17   | Lost mutation: You occasionally lose the ability to drink
                  | potions when taking damage. [potion of mutation]
108795 | Zig:17   | Gained mutation: You have very sharp teeth. [potion of
                  | mutation]
108795 | Zig:17   | Gained mutation: You are weak. (Str -2) [potion of
                  | mutation]
108806 | Zig:17   | Identified the staff of air "Ybuteceph" {rElec rPois rF+
                  | rN+ Dex+3}
108814 | Zig:17   | Identified the +9 great sword of Expedience {elec, rF++
                  | rCorr Str-4 Stlth+}
108823 | Zig:17   | Identified the +5 glaive "Goig Fubb" {venom, Will+ rCorr}
108837 | Zig:17   | Identified the +3 great sword of Contradiction {heavy,
                  | Str+2}
108840 | Zig:17   | Identified the ring "Jeh Yssa" {Fly Will+ rCorr Int+3}
108846 | Zig:18   | Entered Level 18 of a ziggurat
108898 | Zig:18   | Identified the amulet of Nual {RegenMP rC+ Int+3}
108899 | Zig:18   | Identified the +5 flail of Wu Jian, Usurping {freeze, *Slow
                  | rC+ Will+ Int+6}
108901 | Zig:18   | Identified the +1 quarterstaff "McIvan's Peril" {heavy,
                  | rCorr}
108902 | Zig:18   | Identified the +7 spear of Defilement {flame, rC+ Dex+2}
108908 | Zig:18   | Identified the amulet of the Firefly {Faith rElec rCorr
                  | Int+2}
108918 | Zig:18   | Identified the ring "Ceotwy" {Fly Slay+2}
108919 | Zig:18   | Identified the +1 spear of Aci Wymi {vamp, rPois rC+ Int+3}
108933 | Zig:19   | Entered Level 19 of a ziggurat
108944 | Zig:19   | Noticed a dread lich
108948 | Zig:19   | Killed a dread lich
108971 | Zig:19   | Reached skill level 15 in Air Magic
108977 | Zig:19   | Noticed a dread lich
108977 | Zig:19   | Killed a dread lich
109012 | Zig:19   | Found the +8 longbow "Zephyr" {speed, Dex+3 SInv}
109022 | Zig:19   | Identified the staff of death "Fopn" {rN+ Int+3 Dex-5}
109027 | Zig:19   | Reached skill level 15 in Evocations
109030 | Zig:19   | Lost mutation: You have hoof-like feet. [potion of
                  | mutation]
109030 | Zig:19   | Lost mutation: You are weak. (Str -2) [potion of mutation]
109030 | Zig:19   | Lost mutation: You have large cloven feet. [potion of
                  | mutation]
109030 | Zig:19   | Gained mutation: Your flesh is cold resistant. (rC+)
                  | [potion of mutation]
109030 | Zig:19   | Gained mutation: Your movements are slightly less
                  | encumbered by armour. (ER -2) [potion of mutation]
109034 | Zig:19   | Identified the ring of Zalorr {rPois rF+ rN+ Int+2}
109040 | Zig:19   | Identified the staff of air "Ylliekij" {rElec rN+ Str+8
                  | Int-5}
109041 | Zig:19   | Identified the +4 ring mail of Slimy Miracles {Rampage
                  | *Corrode rF+ rC+}
109042 | Zig:19   | Identified the staff of fire "Hocatrus" {rF+ Int+2}
109052 | Zig:20   | Entered Level 20 of a ziggurat
109100 | Zig:20   | Identified the staff of earth "Webet" {rElec}
109104 | Zig:20   | Identified the +0 hand axe "Ustroump" {protect, rElec rN+
                  | Dex-3 Stlth+}
109132 | Zig:20   | Identified the staff of air "Bionest" {rElec rF+}
109140 | Zig:21   | Entered Level 21 of a ziggurat
109178 | Zig:21   | Noticed Goast the pandemonium lord
109180 | Zig:21   | Killed Goast the pandemonium lord
109209 | Zig:21   | Identified the +7 great sword "Eggo" {antimagic, rC++
                  | Dex+6}
109239 | Zig:22   | Entered Level 22 of a ziggurat
109309 | Zig:22   | Identified the +5 sling "Hialifi" {freeze, Fragile rCorr
                  | Int+8 Dex-2}
109313 | Zig:22   | Identified the ring "Vadd" {rPois Str+2 Int+3 Dex+5}
109327 | Zig:22   | Identified the +5 spear of the Tiger {protect, Dex+5}
109334 | Zig:23   | Entered Level 23 of a ziggurat
109367 | Zig:23   | Found the +9 sword of Power {lifebolt}
109381 | Zig:23   | Identified the ring of the Death Scarab {rC- Will+ Str+6
                  | SInv}
109389 | Zig:23   | Identified the +7 battleaxe "Ismen" {protect, rPois rF+ rC-
                  | rN+}
109390 | Zig:23   | Identified the ring of Asemudon {Str+2 Int+6 Dex+2}
109416 | Zig:23   | Identified the +4 robe of Sif Muna's Vengeance {rPois Int-3
                  | Dex+4}
109432 | Zig:24   | Entered Level 24 of a ziggurat
109480 | Zig:24   | Noticed an ancient lich
109484 | Zig:24   | Killed an ancient lich
109530 | Zig:24   | Found the +18 shield of the Gong {Loud rN+ Will+ rCorr
                  | EV-5}
109533 | Zig:24   | Found the ring of the Mage {Wiz Archmagi}
109556 | Zig:24   | Identified the staff of earth "Ziddeile" {Str+3}
109557 | Zig:24   | Identified the +1 flail of Hearghue {freeze, Dex+2}
109568 | Zig:24   | Identified the staff of fire "Nulolu Zoell" {rF+ SInv}
109609 | Zig:25   | Entered Level 25 of a ziggurat
109675 | Zig:25   | Identified the +1 broad axe of Tender Mercy {venom, rN+
                  | Will+ rCorr Stlth+}
109683 | Zig:25   | Identified the staff of earth "Upodgh" {Int+2}
109685 | Zig:25   | Identified the ring of the Mantidfly {rPois rN+ Slay+2
                  | SInv}
109695 | Zig:25   | Identified the +9 shortbow of Upheaval {drain, rCorr}
109708 | Zig:25   | Identified the staff of air "Pusch" {rElec rC+ Int+4 SInv}
109711 | Zig:25   | Identified the staff of cold "Amyd" {rElec rC+ Dex+3}
109714 | Zig:25   | Identified the +6 shortbow of the People {flame, MP+9
                  | Int+6}
109716 | Zig:25   | Identified the +0 mace of Invincibility {vamp, Str+2}
109727 | Zig:26   | Entered Level 26 of a ziggurat
109757 | Zig:26   | Noticed a royal mummy
109761 | Zig:26   | Killed a royal mummy
109772 | Zig:26   | Noticed a royal mummy
109776 | Zig:26   | Noticed a royal mummy
109779 | Zig:26   | Killed a royal mummy
109781 | Zig:26   | Killed a royal mummy
109784 | Zig:26   | Noticed a royal mummy
109784 | Zig:26   | Noticed a royal mummy
109784 | Zig:26   | Noticed a royal mummy
109785 | Zig:26   | Noticed a royal mummy
109785 | Zig:26   | Noticed a royal mummy
109787 | Zig:26   | Killed a royal mummy
109787 | Zig:26   | Killed a royal mummy
109787 | Zig:26   | Killed a royal mummy
109787 | Zig:26   | Noticed a royal mummy
109787 | Zig:26   | Noticed a royal mummy
109788 | Zig:26   | Killed a royal mummy
109789 | Zig:26   | Killed a royal mummy
109791 | Zig:26   | Killed a royal mummy
109791 | Zig:26   | Noticed a royal mummy
109792 | Zig:26   | Killed a royal mummy
109794 | Zig:26   | Killed a royal mummy
109804 | Zig:26   | Noticed a royal mummy
109806 | Zig:26   | Killed a royal mummy
109874 | Zig:26   | Identified the staff of conjuration "Juafath" {Contam MP+9
                  | Str+3}
109883 | Zig:26   | Identified the +8 war axe of Vaemamam {drain, rC+ Str+2
                  | Stlth+}
109885 | Zig:26   | Identified the +3 leather armour of Fuz Xueso {rElec rPois
                  | Dex+4 Slay-6}
109886 | Zig:26   | Identified the +4 dagger of Poverty {heavy, Fragile Fly
                  | rCorr Str+6}
109889 | Zig:26   | Identified the staff of death "Zykipuq" {Fragile rF+ rN+
                  | Dex+3}
109900 | Zig:26   | Identified the staff of death "Retiu" {rC+ rN+}
109909 | Zig:26   | Identified the +3 spear of Hatred {protect, Fragile rN+
                  | Dex+2 Stlth+}
109921 | Zig:27   | Entered Level 27 of a ziggurat
109946 | Zig:27   | Reached skill level 10 in Staves
109996 | Zig:27   | Acquired 921 gold pieces
109998 | Zig:27   | Acquired 1031 gold pieces
110028 | Zig:27   | Reached skill level 15 in Staves
110033 | Zig:27   | Got the Thoughts on Ignition
110039 | Zig:27   | Identified the amulet "Zeddetre" {Reflect rElec rF- Will+
                  | SH+5}
110058 | Zig:27   | Identified the ring "Ubianut" {rC+ rN+ Will- Int+3}
110072 | Zig:1    | Entered Level 1 of a ziggurat
110085 | Zig:2    | Entered Level 2 of a ziggurat
110100 | Zig:3    | Entered Level 3 of a ziggurat
110111 | Zig:3    | Identified the amulet of the Kraken {Acrobat Int+3}
110118 | Zig:4    | Entered Level 4 of a ziggurat
110139 | Zig:5    | Entered Level 5 of a ziggurat
110160 | Zig:6    | Entered Level 6 of a ziggurat
110161 | Zig:6    | Found the +8 storm bow {elec, penet}
110185 | Zig:6    | Acquired 1044 gold pieces
110190 | Zig:7    | Entered Level 7 of a ziggurat
110194 | Zig:7    | Noticed an ancient lich
110196 | Zig:7    | Killed an ancient lich
110214 | Zig:7    | Identified the staff of cold "Baxel" {rPois rC+ rCorr Int-4
                  | Dex+2}
110225 | Zig:8    | Entered Level 8 of a ziggurat
110266 | Zig:9    | Entered Level 9 of a ziggurat
110275 | Zig:9    | Noticed Rudghuatt the pandemonium lord
110278 | Zig:9    | Killed Rudghuatt the pandemonium lord
110308 | Zig:9    | Identified the ring of Autumn {Drain Dex+8 SInv}
110314 | Zig:10   | Entered Level 10 of a ziggurat
110325 | Zig:10   | Noticed Mylanesm the pandemonium lord
110327 | Zig:10   | Noticed Ratuo the pandemonium lord
110328 | Zig:10   | Killed Mylanesm the pandemonium lord
110331 | Zig:10   | Killed Ratuo the pandemonium lord
110357 | Zig:11   | Entered Level 11 of a ziggurat
110373 | Zig:11   | Found the +5 Storm Queen's Shield {shock, Fly rElec}
110380 | Zig:11   | Identified the amulet of Werr {RegenMP Will+ Int+3}
110394 | Zig:11   | Identified the ring of Xom's Attic {MP+9 Str+5 Dex+6}
110416 | Zig:12   | Entered Level 12 of a ziggurat
110449 | Zig:12   | Identified the ring "Zyekysock" {Ice Will+ Str-2 Int+4}
110456 | Zig:12   | Identified the staff of air "Pousm" {rElec rPois rC+ Int+4}
110457 | Zig:12   | Identified the amulet of the Tuna {RegenMP Fragile rN++
                  | rCorr}
110468 | Zig:13   | Entered Level 13 of a ziggurat
110477 | Zig:13   | Found the +5 Lochaber axe {reach-cleave, Poleaxe Drain}
110504 | Zig:13   | Identified the staff of conjuration "Rivialest" {rElec
                  | Int+3 Dex+5}
110536 | Zig:14   | Entered Level 14 of a ziggurat
110546 | Zig:14   | Found the +15 Maxwell's patent armour {-Cast -Tele rElec
                  | Will+ rCorr}
110568 | Zig:14   | Identified the staff of cold "Xooc" {rPois rC+}
110599 | Zig:15   | Entered Level 15 of a ziggurat
110606 | Zig:15   | Noticed a royal mummy
110609 | Zig:15   | Noticed a royal mummy
110611 | Zig:15   | Noticed a royal mummy
110611 | Zig:15   | Killed a royal mummy
110627 | Zig:15   | Killed a royal mummy
110635 | Zig:15   | Noticed a royal mummy
110641 | Zig:15   | Killed a royal mummy
110643 | Zig:15   | Killed a royal mummy
110643 | Zig:15   | Noticed a royal mummy
110647 | Zig:15   | Killed a royal mummy
110648 | Zig:15   | Noticed a royal mummy
110650 | Zig:15   | Noticed a royal mummy
110651 | Zig:15   | Killed a royal mummy
110651 | Zig:15   | Killed a royal mummy
110653 | Zig:15   | Killed a royal mummy
110659 | Zig:15   | Noticed a royal mummy
110667 | Zig:15   | Killed a royal mummy
110698 | Zig:15   | Identified the +0 plate armour "Dugg" {rN+ Dex-3 Stlth+}
110700 | Zig:15   | Identified the +2 leather armour of the Cooper {Harm rElec
                  | rF- rC+++}
110717 | Zig:15   | Identified the ring of the Lizard {Fire Will+ Dex+6}
110720 | Zig:15   | Identified the +0 ring mail of Satisfaction {+Blink rC-
                  | Stlth+}
110727 | Zig:16   | Entered Level 16 of a ziggurat
110776 | Zig:16   | Identified the +3 plate armour of the Shoals {Drain rN+
                  | Dex+8}
110778 | Zig:16   | Identified the staff of conjuration "Axkouzu" {rF+++ rN++
                  | rCorr Str-3 Dex-5}
110783 | Zig:16   | Identified the staff of fire "Vujen" {rF+ Dex+3}
110786 | Zig:16   | Identified the ring of Jianeoj {rPois rF+ rC++}
110805 | Zig:17   | Entered Level 17 of a ziggurat
110817 | Zig:17   | Paralysed by a wendigo for 1 turns
110835 | Zig:17   | Paralysed by a wendigo for 1 turns
110873 | Zig:17   | Identified the ring "Banoarr" {EV+5 Int+5}
110895 | Zig:17   | Identified the +1 robe of Irgheolu {Int+4}
110898 | Zig:18   | Entered Level 18 of a ziggurat
110912 | Zig:18   | Gained mutation: You are clumsy. (Dex -2) [a neqoxec]
110923 | Zig:18   | Reached skill level 27 in Staves
110924 | Zig:18   | Reached skill level 15 in Stealth
110975 | Zig:18   | Identified the staff of poison "Izelifeg" {rElec rPois}
110978 | Zig:18   | Identified the +1 flail of Youthful Indiscretion {pain,
                  | Dex+3}
110988 | Zig:19   | Entered Level 19 of a ziggurat
111004 | Zig:19   | Noticed a juggernaut
111010 | Zig:19   | Killed a juggernaut
111023 | Zig:19   | Found the +2 Maxwell's thermic engine {flame, freeze, rev}
111039 | Zig:19   | Identified the +7 halberd of Hell's Wrath {drain, rElec
                  | rPois rN++ Will-}
111050 | Zig:19   | Identified the +1 mace "Uprisao" {protect, rN+}
111068 | Zig:20   | Entered Level 20 of a ziggurat
111119 | Zig:20   | Identified the +6 chain mail "Dioff" {*Slow rPois Regen+
                  | Str+2}
111131 | Zig:20   | Identified the +5 shortbow "Qiarub" {heavy, *Slow rN+++
                  | rCorr Str+3}
111144 | Zig:21   | Entered Level 21 of a ziggurat
111211 | Zig:21   | Identified the +2 pair of boots "Odyo" {Harm rF++ Stlth-}
111218 | Zig:21   | Identified the +10 long sword of Gullia {heavy, rF+ Will+}
111220 | Zig:21   | Identified the amulet "Ralloniq" {Acrobat Contam rElec
                  | rPois rN+}
111223 | Zig:21   | Identified the +3 shortbow of Zoipnopp {heavy, rElec rN+
                  | Str+3}
111236 | Zig:21   | Identified the staff of fire "Hiyptos" {*Slow rPois rF+
                  | Will++}
111241 | Zig:22   | Entered Level 22 of a ziggurat
111256 | Zig:22   | Noticed an ancient lich
111258 | Zig:22   | Noticed an ancient lich
111260 | Zig:22   | Killed an ancient lich
111260 | Zig:22   | Noticed an ancient lich
111261 | Zig:22   | Killed an ancient lich
111261 | Zig:22   | Killed an ancient lich
111262 | Zig:22   | Noticed a dread lich
111263 | Zig:22   | Noticed a dread lich
111265 | Zig:22   | Noticed a dread lich
111267 | Zig:22   | Killed a dread lich
111267 | Zig:22   | Killed a dread lich
111267 | Zig:22   | Noticed an ancient lich
111267 | Zig:22   | Noticed an ancient lich
111268 | Zig:22   | Killed an ancient lich
111268 | Zig:22   | Killed a dread lich
111271 | Zig:22   | Reached skill level 27 in Stealth
111271 | Zig:22   | Killed an ancient lich
111288 | Zig:22   | Identified the staff of earth "Nefaps" {rF+ Will+ Str+2}
111299 | Zig:22   | Identified the staff of poison "Korynop" {rPois rN+}
111304 | Zig:22   | Identified the ring "Deadapp" {rPois rC+ rN+ Str+2}
111319 | Zig:22   | Identified the +9 short sword "Glorpo" {elec, Str+6}
111324 | Zig:23   | Entered Level 23 of a ziggurat
111334 | Zig:23   | Noticed Zimp the pandemonium lord
111336 | Zig:23   | Noticed Ryerph the pandemonium lord
111336 | Zig:23   | Noticed Corrain the pandemonium lord
111338 | Zig:23   | Noticed Aptioxit the pandemonium lord
111340 | Zig:23   | Noticed Kener the pandemonium lord
111340 | Zig:23   | Noticed Atsisi the pandemonium lord
111341 | Zig:23   | Noticed Utojui the pandemonium lord
111341 | Zig:23   | Noticed Jesodi the pandemonium lord
111342 | Zig:23   | Noticed Areitogu the pandemonium lord
111342 | Zig:23   | Killed Ryerph the pandemonium lord
111342 | Zig:23   | Killed Corrain the pandemonium lord
111342 | Zig:23   | Killed Aptioxit the pandemonium lord
111342 | Zig:23   | Noticed Racaxu the pandemonium lord
111343 | Zig:23   | Noticed Zecun the pandemonium lord
111343 | Zig:23   | Noticed Nigineg the pandemonium lord
111343 | Zig:23   | Killed Zimp the pandemonium lord
111343 | Zig:23   | Noticed Ikanafri the pandemonium lord
111343 | Zig:23   | Noticed Ataox the pandemonium lord
111344 | Zig:23   | Noticed Isausut the pandemonium lord
111344 | Zig:23   | Killed Utojui the pandemonium lord
111344 | Zig:23   | Killed Atsisi the pandemonium lord
111344 | Zig:23   | Noticed Usoe the pandemonium lord
111344 | Zig:23   | Noticed Dulyutam the pandemonium lord
111344 | Zig:23   | Noticed Edig Zam the pandemonium lord
111344 | Zig:23   | Noticed Peucelef the pandemonium lord
111345 | Zig:23   | Killed Nigineg the pandemonium lord
111345 | Zig:23   | Noticed Asipnaca the pandemonium lord
111346 | Zig:23   | Killed Zecun the pandemonium lord
111347 | Zig:23   | Noticed Uggead the pandemonium lord
111347 | Zig:23   | Killed Areitogu the pandemonium lord
111347 | Zig:23   | Noticed Vaeczyts the pandemonium lord
111348 | Zig:23   | Noticed Izad the pandemonium lord
111348 | Zig:23   | Noticed Guukux the pandemonium lord
111349 | Zig:23   | Noticed Wamaovy the pandemonium lord
111349 | Zig:23   | Killed Racaxu the pandemonium lord
111363 | Zig:23   | Killed Dulyutam the pandemonium lord
111366 | Zig:23   | Killed Isausut the pandemonium lord
111368 | Zig:23   | Killed Ikanafri the pandemonium lord
111368 | Zig:23   | Killed Wamaovy the pandemonium lord
111370 | Zig:23   | Noticed Xaask the pandemonium lord
111374 | Zig:23   | Killed Izad the pandemonium lord
111375 | Zig:23   | Killed Asipnaca the pandemonium lord
111377 | Zig:23   | Killed Edig Zam the pandemonium lord
111377 | Zig:23   | Killed Xaask the pandemonium lord
111381 | Zig:23   | Killed Uggead the pandemonium lord
111395 | Zig:23   | Killed Kener the pandemonium lord
111396 | Zig:23   | Killed Ataox the pandemonium lord
111404 | Zig:23   | Killed Jesodi the pandemonium lord
111404 | Zig:23   | Killed Usoe the pandemonium lord
111405 | Zig:23   | Killed Peucelef the pandemonium lord
111406 | Zig:23   | Killed Vaeczyts the pandemonium lord
111423 | Zig:23   | Killed Guukux the pandemonium lord
111546 | Zig:23   | Identified the staff of cold "Ymeduv" {Contam rC+ Will+
                  | rCorr Int+3}
111554 | Zig:23   | Identified the +7 sling of Xom's Fury {freeze, Drain rN+++
                  | rCorr SInv}
111558 | Zig:23   | Identified the ring of Eteuriq {rPois rF+++ Int-4}
111563 | Zig:23   | Identified the +5 hand axe of Vaepsasyj {drain, rC+ rN+
                  | Will+ Stlth+}
111568 | Zig:23   | Identified the +7 great mace of Pride {elec, Fragile rF+++}
111570 | Zig:23   | Identified the +3 hand axe of Conformity {speed, Int+2}
111572 | Zig:23   | Identified the +1 leather armour "Sauzep" {Dex+6}
111582 | Zig:24   | Entered Level 24 of a ziggurat
111623 | Zig:24   | Noticed a dread lich
111626 | Zig:24   | Killed a dread lich
111647 | Zig:24   | Identified the +8 quarterstaff of the Snake Pit {venom,
                  | Will+ Str-4 Dex+4}
111654 | Zig:24   | Identified the ring of Denwoxai {Fire rElec rN+ Int+3}
111666 | Zig:24   | Identified the ring of Piputh {Wiz Str+9 Dex-5}
111668 | Zig:24   | Identified the staff of air "Rukh" {rElec rPois rC- Int+3}
111671 | Zig:24   | Identified the ring of Traps {Ice rCorr}
111677 | Zig:24   | Identified the +2 scimitar "Lyuxuat" {freeze, rCorr Dex+4}
111688 | Zig:25   | Entered Level 25 of a ziggurat
111759 | Zig:25   | Found the +9 staff of Olgreb {rPois∞}
111777 | Zig:25   | Identified the ring "Uhaeleto" {rElec Slay+4}
111798 | Zig:25   | Identified the +0 ring mail "Hestac" {rC++ Int+5 Stlth+}
111809 | Zig:25   | Identified the amulet "Zorro" {Reflect Int+4 SH+5}
111825 | Zig:25   | Reached skill level 15 in Shields
111833 | Zig:26   | Entered Level 26 of a ziggurat
111888 | Zig:26   | Identified the +3 spear of Usaceny {drain, rPois rC+++
                  | Will+ Dex-5}
111895 | Zig:26   | Identified the +5 hand axe of Soawuon {speed, rCorr Str-5
                  | Int+3 Dex+8}
111905 | Zig:26   | Identified the staff of death "Athitor" {rN+ Dex+6}
111917 | Zig:26   | Identified the +1 scale mail "Heonuaz" {Str+6}
111933 | Zig:26   | Identified the +1 sling "Xitas" {drain, Str+4 Dex+6}
111944 | Zig:27   | Entered Level 27 of a ziggurat
111968 | Zig:27   | Noticed a juggernaut
111969 | Zig:27   | Noticed a juggernaut
111972 | Zig:27   | Killed a juggernaut
111973 | Zig:27   | Killed a juggernaut
112013 | Zig:27   | Reached skill level 27 in Evocations
112039 | Zig:27   | Found the necklace of Bloodlust {Fury *Rage Will++ Int-3
                  | Slay+6}
112070 | Zig:27   | Identified the +2 ring mail "Voinwy" {+Blink Will+ rCorr
                  | Str-5}
112079 | Zig:27   | Identified the +2 cloak "Plog" {Harm Regen+ Str+2 Int-2}
112087 | Zig:27   | Identified the +1 battleaxe of Charity {drain, *Slow rF+
                  | Str+7 Int+2}
112090 | Zig:27   | Identified the +7 lajatang of Watchfulness {antimagic,
                  | rElec SInv}
112096 | Zig:27   | Identified the +0 rapier "Lyipeis" {heavy, rF+ Int+3}
112181 | Geh:1    | Entered Level 1 of Gehenna
112219 | Geh:1    | Reached skill level 27 in Spellcasting
113023 | Geh:4    | Learned a level 7 spell: Ozocubu's Refrigeration
113147 | Geh:4    | Reached skill level 27 in Ice Magic
113893 | Geh:7    | Entered Level 7 of Gehenna
114708 | Geh:7    | Identified the ring "Sukutu" {Str+2 Dex+6}
114903 | Geh:7    | Found the +3 greatsling "Punk" {acid, rCorr}
115024 | Geh:7    | Identified the staff of cold "Zioxis" {rC+ rN+ MP+9 Int+2}
115036 | Geh:7    | Found the +13 sceptre of Asmodeus
115036 | Geh:7    | Noticed Asmodeus
115072 | Geh:7    | Killed Asmodeus
115111 | Geh:7    | Got an obsidian rune of Zot
115566 | Tomb:1   | Entered Level 1 of the Tomb of the Ancients
115698 | Tomb:1   | Noticed a royal mummy
115703 | Tomb:1   | Killed a royal mummy
116076 | Tomb:1   | Reached skill level 27 in Air Magic
116337 | Zig:1    | Entered Level 1 of a ziggurat
116352 | Zig:2    | Entered Level 2 of a ziggurat
116364 | Zig:2    | Identified the +0 robe of the Constellations {rElec rN++
                  | Will- Dex+2}
116367 | Zig:3    | Entered Level 3 of a ziggurat
116367 | Zig:3    | Noticed an ancient lich
116372 | Zig:3    | Killed an ancient lich
116401 | Zig:4    | Entered Level 4 of a ziggurat
116406 | Zig:4    | Reached skill level 15 in Throwing
116425 | Zig:4    | Identified the ring "Zaadet" {rC+ Will+ Int+7 Dex-2 Stlth+}
116437 | Zig:5    | Entered Level 5 of a ziggurat
116457 | Zig:5    | Identified the ring of Pedech {rPois Will+ Slay+3}
116458 | Zig:5    | Identified the ring of Raguigic {rPois Str-5 Int+6 Dex+5}
116464 | Zig:6    | Entered Level 6 of a ziggurat
116484 | Zig:6    | Identified the ring "Kobraig" {Will+ rCorr Str+3 Int+3}
116490 | Zig:6    | Identified the ring "Qapsurod" {Wiz rPois rF+ Will++}
116503 | Zig:7    | Entered Level 7 of a ziggurat
116505 | Zig:7    | Noticed a royal mummy
116512 | Zig:7    | Noticed a royal mummy
116513 | Zig:7    | Killed a royal mummy
116513 | Zig:7    | Noticed a royal mummy
116514 | Zig:7    | Noticed a royal mummy
116516 | Zig:7    | Killed a royal mummy
116517 | Zig:7    | Killed a royal mummy
116517 | Zig:7    | Killed a royal mummy
116551 | Zig:7    | Identified the staff of poison "Zuluc" {*Slow rPois Int+3
                  | Dex+3}
116553 | Zig:7    | Identified the +0 plate armour "Deahily" {rCorr}
116559 | Zig:7    | Identified the +7 dagger of Teul {elec, *Corrode rPois
                  | Str+3}
116563 | Zig:8    | Entered Level 8 of a ziggurat
116611 | Zig:9    | Entered Level 9 of a ziggurat
116634 | Zig:9    | Identified the +8 glaive of Miriq {heavy, rElec Int+3}
116657 | Zig:10   | Entered Level 10 of a ziggurat
116673 | Zig:10   | Noticed Toif the pandemonium lord
116675 | Zig:10   | Killed Toif the pandemonium lord
116693 | Zig:10   | Identified the amulet "Evvo Vun" {RegenMP rElec rF+ rCorr}
116697 | Zig:10   | Identified the +9 plate armour of Space {Dex+2}
116700 | Zig:10   | Identified the +6 broad axe of the Apocalypse {holy, rC+
                  | Str+2 Dex+2 Stlth+}
116704 | Zig:10   | Identified the staff of death "Ufuhun" {rN+ Dex+4}
116716 | Zig:11   | Entered Level 11 of a ziggurat
116761 | Zig:11   | Identified the +9 scimitar of the Extremes {spect, rC+}
116770 | Zig:11   | Identified the +4 ring mail of Makhleb's Whim {rN+ Will-
                  | Int+5}
116775 | Zig:11   | Identified the amulet of Egalitarianism {Reflect +Blink rC-
                  | Dex+5 SH+5}
116778 | Zig:11   | Identified the +2 trident "Jugrib" {freeze, rPois rC+ rCorr
                  | MP+9}
116782 | Zig:12   | Entered Level 12 of a ziggurat
116794 | Zig:12   | Noticed an ancient lich
116796 | Zig:12   | Noticed a dread lich
116796 | Zig:12   | Noticed a dread lich
116796 | Zig:12   | Noticed a dread lich
116796 | Zig:12   | Noticed a dread lich
116797 | Zig:12   | Noticed a dread lich
116798 | Zig:12   | Killed a dread lich
116798 | Zig:12   | Killed an ancient lich
116799 | Zig:12   | Killed a dread lich
116799 | Zig:12   | Killed a dread lich
116801 | Zig:12   | Killed a dread lich
116801 | Zig:12   | Killed a dread lich
116801 | Zig:12   | Killed a dread lich
116819 | Zig:12   | Identified the staff of death "Likhleihe" {rElec rPois rN+
                  | Stlth-}
116838 | Zig:12   | Identified the staff of earth "Cimp" {Will+++ Int+3}
116844 | Zig:13   | Entered Level 13 of a ziggurat
116875 | Zig:13   | Identified the +0 scale mail "Mewiunleijo" {Dex+3}
116886 | Zig:13   | Identified the +10 halberd "Peraiw" {freeze, rC+ Dex+6}
116903 | Zig:14   | Entered Level 14 of a ziggurat
116926 | Zig:14   | Noticed Zuoxil the pandemonium lord
116926 | Zig:14   | Noticed Fotiudapn the pandemonium lord
116931 | Zig:14   | Noticed Gacsiwn the pandemonium lord
116932 | Zig:14   | Noticed Enamiogi the pandemonium lord
116933 | Zig:14   | Noticed Wystucse the pandemonium lord
116933 | Zig:14   | Killed Fotiudapn the pandemonium lord
116935 | Zig:14   | Killed Zuoxil the pandemonium lord
116936 | Zig:14   | Killed Gacsiwn the pandemonium lord
116937 | Zig:14   | Noticed Xiloosewn the pandemonium lord
116937 | Zig:14   | Noticed Rolir the pandemonium lord
116937 | Zig:14   | Noticed Uchoxke the pandemonium lord
116938 | Zig:14   | Killed Wystucse the pandemonium lord
116938 | Zig:14   | Noticed Isysor the pandemonium lord
116939 | Zig:14   | Killed Enamiogi the pandemonium lord
116941 | Zig:14   | Killed Rolir the pandemonium lord
116942 | Zig:14   | Killed Uchoxke the pandemonium lord
116942 | Zig:14   | Killed Isysor the pandemonium lord
116942 | Zig:14   | Killed Xiloosewn the pandemonium lord
116977 | Zig:14   | Identified the +4 glaive of the Two Names {heavy, Fly rPois
                  | rF+}
116982 | Zig:14   | Identified the +9 chain mail of Salvation {rC+}
116991 | Zig:15   | Entered Level 15 of a ziggurat
117030 | Zig:15   | Identified the staff of earth "Xuluaw Dati" {rC+}
117031 | Zig:15   | Identified the +1 leather armour of the Postmodern Seas
                  | {-Tele Harm Str+4 Dex+2}
117041 | Zig:15   | Identified the +7 rapier "Sauwius" {heavy, rElec Dex+2}
117047 | Zig:16   | Entered Level 16 of a ziggurat
117064 | Zig:16   | Noticed a juggernaut
117064 | Zig:16   | Noticed a juggernaut
117066 | Zig:16   | Noticed a juggernaut
117066 | Zig:16   | Noticed a juggernaut
117067 | Zig:16   | Noticed a juggernaut
117068 | Zig:16   | Killed a juggernaut
117069 | Zig:16   | Killed a juggernaut
117069 | Zig:16   | Killed a juggernaut
117069 | Zig:16   | Noticed a juggernaut
117070 | Zig:16   | Killed a juggernaut
117071 | Zig:16   | Killed a juggernaut
117072 | Zig:16   | Killed a juggernaut
117073 | Zig:16   | Found the +8 demon blade "Leech" {evervamp, Harm Drain rN+}
117081 | Zig:16   | Identified the +6 mace of Checks and Balances {flame, rPois
                  | rC+}
117082 | Zig:16   | Identified the ring of the Wild Haggis {rElec rPois Will+
                  | rCorr Slay+3}
117099 | Zig:16   | Identified the ring "Iladd" {MP+9 Slay+2}
117105 | Zig:16   | Identified the +5 falchion "Yvoremu" {freeze, rElec rCorr
                  | Int-3 Dex+2}
117107 | Zig:16   | Acquired the ring of Kalusm {Wiz rElec rCorr Str-4}
117108 | Zig:16   | Acquired the +3 pair of seven-league boots {Rampage+∞}
117108 | Zig:16   | Found the +3 pair of seven-league boots {Rampage+∞}
117117 | Zig:16   | Learned a level 6 spell: Conjure Ball Lightning
117117 | Zig:16   | Acquired 429 gold pieces
117124 | Zig:17   | Entered Level 17 of a ziggurat
117133 | Zig:17   | Noticed an ancient lich
117139 | Zig:17   | Killed an ancient lich
117155 | Zig:17   | Reached skill level 27 in Throwing
117155 | Zig:17   | Noticed an ancient lich
117158 | Zig:17   | Noticed an ancient lich
117158 | Zig:17   | Killed an ancient lich
117160 | Zig:17   | Killed an ancient lich
117181 | Zig:17   | Identified the amulet of Xom's Wantonness {Faith rF+ Int+3
                  | Slay+3}
117183 | Zig:17   | Identified the +0 leather armour of the Beginning {rF+
                  | Int-2 Stlth+}
117184 | Zig:17   | Identified the staff of air "Xair" {rElec rC+}
117188 | Zig:17   | Identified the +0 falchion "Backscratcher" {protect, rC+
                  | Will++ Dex-4}
117189 | Zig:17   | Identified the +1 scale mail "Higybed" {*Corrode rElec
                  | Int+3}
117220 | Zig:18   | Entered Level 18 of a ziggurat
117245 | Zig:18   | Noticed Beech the pandemonium lord
117249 | Zig:18   | Killed Beech the pandemonium lord
117308 | Zig:18   | Identified the ring "Ybaa" {rC+ rCorr}
117309 | Zig:18   | Identified the +7 chain mail "Xostarac" {rC+}
117318 | Zig:18   | Got the Quarto of Charnel Space
117349 | Tomb:1   | Learned a level 8 spell: Necromutation
117422 | Tomb:1   | Noticed a royal mummy
117422 | Tomb:1   | Noticed a royal mummy
117424 | Tomb:1   | Killed a royal mummy
117425 | Tomb:1   | Reached skill level 1 in Necromancy
117425 | Tomb:1   | Killed a royal mummy
117446 | Tomb:1   | Noticed a royal mummy
117449 | Tomb:1   | Killed a royal mummy
117450 | Tomb:1   | Noticed a royal mummy
117453 | Tomb:1   | Noticed a royal mummy
117457 | Tomb:1   | Killed a royal mummy
117464 | Tomb:1   | Killed a royal mummy
117511 | Tomb:1   | Noticed a royal mummy
117514 | Tomb:1   | Killed a royal mummy
117535 | Tomb:1   | Noticed a royal mummy
117547 | Tomb:1   | Killed a royal mummy
117594 | Tomb:1   | Noticed Boris
117595 | Tomb:1   | Reached skill level 5 in Necromancy
117599 | Tomb:1   | Killed Boris
117624 | Tomb:1   | Noticed a royal mummy
117631 | Tomb:1   | Killed a royal mummy
117639 | Tomb:1   | Noticed a royal mummy
117643 | Tomb:1   | Noticed a royal mummy
117643 | Tomb:1   | Noticed a royal mummy
117645 | Tomb:1   | Killed a royal mummy
117645 | Tomb:1   | Noticed a royal mummy
117645 | Tomb:1   | Killed a royal mummy
117647 | Tomb:1   | Killed a royal mummy
117647 | Tomb:1   | Killed a royal mummy
117801 | Tomb:1   | Noticed a royal mummy
117804 | Tomb:1   | Killed a royal mummy
118008 | Tomb:2   | Noticed a royal mummy
118012 | Tomb:2   | Killed a royal mummy
118012 | Tomb:2   | Killed a royal mummy
118015 | Tomb:2   | Noticed a royal mummy
118016 | Tomb:2   | Noticed a royal mummy
118017 | Tomb:2   | Killed a royal mummy
118019 | Tomb:2   | Killed a royal mummy
118098 | Tomb:2   | Reached skill level 10 in Necromancy
118399 | Tomb:3   | Entered Level 3 of the Tomb of the Ancients
118411 | Tomb:3   | Noticed a royal mummy
118414 | Tomb:3   | Noticed a royal mummy
118417 | Tomb:3   | Killed a royal mummy
118419 | Tomb:3   | Killed a royal mummy
118428 | Tomb:3   | Noticed a royal mummy
118430 | Tomb:3   | Killed a royal mummy
118437 | Tomb:3   | Noticed a royal mummy
118443 | Tomb:3   | Killed a royal mummy
118531 | Tomb:3   | Found the +5 glaive of the Guard {elec, spectral, AC+5}
118571 | Tomb:3   | Identified the +5 shortbow of Amorality {speed, rElec rF+++
                  | Int-5 Dex-2}
118605 | Tomb:3   | Identified the +8 dagger "Woklon" {vamp, Dex+3}
118609 | Tomb:3   | Identified the staff of fire "Meehyir" {rF+ rN+ Will+ Dex+3
                  | SInv}
118622 | Tomb:3   | Identified the +9 falchion "Veosseer" {venom, *Noise Fly
                  | rElec rF++}
118626 | Tomb:3   | Identified the +0 crystal plate armour of the Dice {Contam
                  | rF+ Will++ Int+2}
118753 | Tomb:3   | Identified the +7 trident "Regemonn" {flame, Contam
                  | *Corrode rElec rPois}
118842 | Tomb:3   | Noticed a royal mummy
118847 | Tomb:3   | Killed a royal mummy
118868 | Tomb:3   | Noticed a royal mummy
118869 | Tomb:3   | Killed a royal mummy
118904 | Tomb:3   | Noticed Khufu
118909 | Tomb:3   | Killed Khufu
118910 | Tomb:3   | Reached skill level 5 in Transmutations
118945 | Tomb:3   | Noticed a royal mummy
118947 | Tomb:3   | Killed a royal mummy
119003 | Tomb:3   | Noticed a royal mummy
119015 | Tomb:3   | Killed a royal mummy
119049 | Tomb:3   | Got a golden rune of Zot
119867 | Zot:5    | Got the Orb of Zot
120261 | D:9      | Noticed Boris
120265 | D:9      | Killed Boris
120478 | D:$      | Escaped with the Orb!

Illustrated notes

Levels and vault maps discovered:
D:1:      spicycebolla_arrival_xxxplode, layout_basic,
          ebering_ecumenical_altar_sacrificial
D:2:      layout_rooms, basic_altar
D:3:      layout_loops_cross, old_standard_altar
D:4:      layout_loops_ring, marbit_many_paths, kennysheep_mini
D:5:      wad_river_or_something, layout_layer_cave, zin_academy,
          grunt_ministairs_8, minmay_misc_feat_hallway,
          nicolae_shop_overcharged_wands
D:6:      layout_basic, makhleb_altar_promises_db,
          mainiacjoe_overflow_cross_hatched, corexii_checkpoint_a,
          amcnicky_mini_rare_corridor_liquid
D:7:      layout_loops_ring, kennysheep_slug_shrine, corner_web_ring,
          uniq_crazy_yiuf_cottage
D:8:      minmay_evil_eye, layout_loops_ring, mainiacjoe_overflow_brackets,
          uniq_grum, uniq_erica, uniq_maggie
D:9:      layout_grid_maze
D:10:     layout_gridville, general_overflow_altar, lair_entry_dummy,
          lightli_bailey_entry_fortress
D:11:     layout_roguey, fungi_pond_lemuel
D:12:     layout_stronghold, orc_0_dummy, minmay_joined_circles, uniq_rupert,
          uniq_maurice, uniq_nergalle
D:13:     layout_cave_pods, lightli_vaults_fourway_checkpoint, serial_shops,
          nicolae_shop_real_fake_doors, okawaru_trees_1, uniq_frances
D:14:     layout_basic, minmay_holes, nicolae_tso_swordbearing_angel
D:15:     hangedman_depths_entry_try_elsewhere_first, layout_small_grid,
          old_standard_altar, uniq_louise
Temple:   nicolae_temple_ecumenical_triangle
Lair:1:   layout_chaotic_city, serial_bayou_shore_a
Lair:2:   nzn_winding_woodlands_cross [nzn_winding_woodlands_5x15_sawtooth,
          nzn_winding_woodlands_5x15_sidewinder,
          nzn_winding_woodlands_5x15_pool, nzn_winding_woodlands_5x15_twine,
          nzn_winding_woodlands_15x15_killbox], layout_hall_layers,
          minmay_shoals_entry_beasts, nicolae_snake_entry_squirm,
          evilmike_ambush [evilmike_ambush_outer_basic,
          evilmike_ambush_inner_wall_2]
Lair:3:   layout_cave_pods, uniq_fannar
Lair:4:   layout_cave_shapes, dpeg_slime_entry_corner, enter_volcano_1,
          nzn_sisyphean_effort, grunt_megastairs_2, lemuel_fruit_fields,
          infiniplex_staircase_pool, serial_bayou_shore_b, lemuel_fruit_fields,
          uniq_sonja
Lair:5:   evilmike_catoblepas_cave, layout_cave_pods, serial_rivers,
          chequers_serial_rivers_micro_a, chequers_serial_rivers_micro_d,
          chequers_serial_rivers_micro_a, chequers_serial_rivers_micro_e,
          chequers_serial_rivers_micro_b, chequers_serial_rivers_large_a,
          portal_ice_cave_entry_imps, nicolae_quartered_pool_impasse,
          lemuel_fruit_tree
Shoals:1: layout_shoals, serial_shops, nicolae_shop_pleasant_corner_grove
Shoals:2: layout_shoals, serial_shops, nicolae_shop_advertising_works
          [nicolae_subvault_shop_adworks]
Shoals:3: layout_shoals, uniq_jorgrun, uniq_kirke
Shoals:4: shoals_end_hellmonk_storm_palace [storm_palace_center_square,
          storm_palace_corner_pillars, storm_palace_corner_blocked,
          storm_palace_corner_altar, storm_palace_corner_grid], uniq_mlioglotl
Snake:1:  layout_layer_cave, gammafunk_ghost_split, serial_bayou_shore_b,
          serial_bayou_shore_b, serial_bayou_shore_b, uniq_roxanne, uniq_nikola
Snake:2:  layout_layer_cave, hangedman_snake_corridor_split, grunt_megastairs_4,
          uniq_aizul
Snake:3:  layout_chambers, nicolae_snake_salamander_zone, minmay_shop_star
Snake:4:  grunt_snake_rune_serpentine_throne, layout_cave_town,
          grunt_megastairs_1
Slime:1:  layout_caves
Slime:2:  layout_caves, basic_altar
Slime:3:  layout_caves, nicolae_slime_getting_an_eyeful
Slime:4:  layout_caves
Slime:5
Orc:1:    layout_diamond_mine, uniq_erolcha
Orc:2:    grunt_orc_gardens, layout_diamond_mine, grunt_orc_garden,
          grunt_orc_garden, grunt_orc_garden, grunt_orc_garden,
          gauntlet_entry_generic, nicolae_shop_vocational
Elf:1:    layout_loops_corners, serial_shops, nicolae_shop_tiny_glass,
          hangedman_elf_disciples, nicolae_elf_big_sculpture_3,
          nicolae_elf_elemental_lessons, minmay_shop_grove
Elf:2:    nicolae_elf_blades_splatter_lattice [nicolae_blade_little_rooms],
          layout_geoelf_diagonals, uniq_saint_roka
Elf:3:    elf_hall, layout_geoelf_octagon, serial_shops, shop
Vaults:1: st_lattice, hangedman_vaults_stitches, v_misc_11, v_pattern_1,
          nicolae_vaults_tetromino_Z_1, vaults_mumra_hexcomb,
          nicolae_vaults_trapezoid_2, hangedman_vaults_pinch,
          nicolae_vaults_apartment_2, vaults_room_hallway,
          nicolae_vaults_rhombus_7, vaults_mumra_minichess,
          hangedman_vaults_stretched_pinwheel, v_misc_15,
          nicolae_vaults_specimen_jars, layout_vaults_omnigrid
Vaults:2: v_misc_3, vaults_dpeg_spiral, vaults_room_large_hall,
          nicolae_vaults_weapon_check, hangedman_vaults_stream,
          hangedman_vaults_trim, nicolae_vaults_network_square,
          nicolae_vaults_network_quincunx
          [nicolae_vaults_network_quincunx_subvault,
          nicolae_vaults_network_quincunx_subvault,
          nicolae_vaults_network_quincunx_subvault,
          nicolae_vaults_network_quincunx_subvault,
          nicolae_vaults_network_quincunx_subvault], nicolae_vaults_stand_back,
          nicolae_vaults_double_plus_3, nicolae_vaults_little_squares_3,
          v_misc_16, layout_vaults_omnibox
Vaults:3: gammafunk_ghost_spectres, vaults_room_large_hall,
          minmay_crypt_entry_simple_walls, nicolae_vaults_two_Ls, v_pattern_5,
          vaults_dpeg_emergency_exit, nicolae_vaults_spaceships,
          nicolae_vaults_little_squares_3, nicolae_vaults_display_case,
          vaults_standard_mumra_enter_the_diamond,
          vaults_standard_mumra_enter_the_diamond, v_misc_31,
          vaults_room_grunt_arrival_checkpoint, nicolae_vaults_trapezoid_3,
          layout_vaults_big_cross
Vaults:4: nicolae_vaults_trapezoid_2, vaults_room_stairs_pillars,
          vaults_mumra_hex, vaults_room_fours, nicolae_vaults_big_angled_halls,
          ontoclasm_vaults_hangar, ontoclasm_vaults_ring_square, v_rooms_3,
          ontoclasm_vaults_ring_small, vaults_dpeg_hooks, vaults_room_pool,
          v_misc_29, v_misc_5, layout_vaults_ring, serial_shops, shop,
          uniq_bai_suzhen, uniq_boris, uniq_frederick
Vaults:5: serial_shops
Crypt:1:  layout_basic, basic_altar
Crypt:2:  layout_catacombs, special_room [special_room_morgue],
          nicolae_nh_vlads_tower
Crypt:3:  due_elkab, layout_chaotic_city, uniq_xtahua
Tomb:1
Tomb:2
Tomb:3
Depths:1: layout_small_grid, grunt_pan_entry_in_and_out, lemuel_crystal_altar,
          pf_hell_entry_great_geh, library_closet, kennysheep_decorative_pillar,
          nicolae_rock_paper_scissors, minmay_shoptagon, uniq_sojobo
Depths:2: nicolae_hexawheel, layout_basic, enter_ziggurat_a,
          abyss_entry_crystal, nicolae_ru_path_of_blood, rand_demon_pan_entry_8,
          pf_coc_iceberg, infiniplex_staircase_x
Depths:3: minmay_four_inscribed_fans, layout_gridville, abyss_entry,
          grunt_mini_vestibule, dk_noncrumbling_3, serial_bayou_shore_b,
          serial_bayou_shore_b
Depths:4: grunt_zot_entry_hairpin, layout_gridville, hell_entry, abyss_entry,
          roderic_lattice_a, serial_bayou_lagoon_a
Hell
Dis:1:    layout_subdivisions, nicolae_dis_big_boring_drill
Dis:2:    layout_gridville
Dis:3:    layout_regular_city, nicolae_dis_having_a_grate_time
Dis:4:    hangedman_dis_decor_blocks_mantle, layout_gridville
Dis:5:    layout_regular_city
Dis:6:    layout_regular_city
Dis:7:    dis_grunt_layers
Geh:1:    layout_gehenna_pools_basic
Geh:2:    layout_gehenna_lava_caves, lemuel_hellion_isle
Geh:3:    layout_gehenna_pools_box
Geh:4:    layout_gehenna_pools_box, nicolae_geh_fourpack
Geh:5:    nicolae_geh_split_lavaduct, layout_gehenna_lava_caves
Geh:6:    layout_gehenna_pools_basic
Geh:7:    geh_grunt
Coc:1:    layout_cocytus_delve
Coc:2:    layout_cocytus_water_paths
Coc:3:    layout_ice_bergs
Coc:4:    layout_ice_bergs
Coc:5:    layout_cocytus_delve
Coc:6:    layout_ice_bergs
Coc:7:    coc_grunt_cove [coc_grunt_cove_antaeus, coc_grunt_cove_fiend,
          coc_grunt_cove_fiend, coc_grunt_cove_fiend, coc_grunt_cove_fiend]
Tar:1:    hangedman_snap_crack_crunch, layout_cathedral_of_symmetry,
          nicolae_hells_hurtin_island
Tar:2:    layout_grid_maze
Tar:3:    layout_cathedral_of_symmetry
Tar:4:    layout_cathedral_of_symmetry
Tar:5:    layout_cathedral_of_symmetry
Tar:6:    layout_cathedral_of_symmetry
Tar:7:    tar_grunt_cathedral
Zot:1:    layout_gridlike
Zot:2:    layout_twisted_circle
Zot:3:    layout_basic, uniq_tiamat, uniq_vv
Zot:4:    hellmonk_paralyzer, layout_gridlike
Zot:5:    layout_misc_corridors, grunt_ministairs_7

Skill      XL: |  1  2  3  4  5  6  7  8  9 10 11 12 13 14 15 16 17 18 19 20 21 22 23 24 25 26 27 |
---------------+----------------------------------------------------------------------------------+-----
Earth Magic    | 4 5 6 7 8 9 10 11 12 13 14 15 16 17 19 20 23 25 27 | 27.0
Fighting       | 1 2 3 4 5 6 7 8 10 11 12 13 14 15 17 18 20 22 25 26 27 | 27.0
Conjurations   | 1 2 3 4 5 6 7 9 10 11 12 13 14 15 27 | 27.0
Spellcasting   | 3 4 6 7 8 9 10 11 12 13 14 15 17 27 | 27.0
Maces & Flails | 1 2 4 5 6 7 |  7.1
Fire Magic     | 1 4 5 6 7 8 9 10 11 13 15 27 | 27.0
Armour         | 2 3 4 5 6 24 | 24.1
Dodging        | 2 3 4 10 | 10.3
Hexes          | 1 2 3 4 5 |  5.3
Air Magic      | 1 2 3 4 27 | 27.0
Translocations | 2 4 |  4.0
Staves         | 2 3 4 5 6 7 27 | 27.0
Evocations     | 2 6 8 10 27 | 27.0
Throwing       | 2 3 4 27 | 27.0
Transmutations | 2 3 4 6 |  6.3
Shields        | 4 5 7 10 20 | 20.4
Ice Magic      | 27 | 27.0
Stealth        | 27 | 27.0
Necromancy     | 12 | 12.5

Action                     |  1- 3 |  4- 6 |  7- 9 | 10-12 | 13-15 | 16-18 | 19-21 | 22-24 | 25-27 || total
---------------------------+-------+-------+-------+-------+-------+-------+-------+-------+-------++-------
  Melee: Unarmed           |     3 |       |       |       |       |       |       |       |       ||     3
         Whip              |    33 |       |       |       |       |       |       |       |       ||    33
         Punch             |     1 |       |       |     2 |     1 |     1 |       |       |       ||     5
         Mace              |       |     1 |       |       |       |       |       |       |    28 ||    29
         Morningstar       |       |    17 |    45 |    69 |    53 |    25 |     6 |       |       ||   215
         Staff             |       |       |       |    46 |     8 |       |    72 |   461 |   655 ||  1242
         Falchion          |       |       |       |       |    58 |    44 |       |       |       ||   102
         Short sword       |       |       |       |       |       |       |       |       |   727 ||   727
         Flail             |       |       |       |       |       |       |       |       |    68 ||    68
         Bite              |       |       |       |       |       |       |       |       |    48 ||    48
  Throw: Boomerang         |       |       |     3 |       |       |       |       |       |       ||     3
         Javelin           |       |       |       |     3 |     6 |     8 |       |       |     4 ||    21
         Throwing net      |       |       |       |       |     1 |       |       |       |       ||     1
   Cast: Sandblast         |    51 |    57 |    48 |   102 |   119 |   190 |    90 |    20 |    15 ||   692
         Stone Arrow       |       |       |    69 |   195 |   363 |   176 |    87 |    23 |       ||   913
         Foxfire           |       |       |     5 |    33 |       |       |       |       |       ||    38
         Iskenderun's Myst |       |       |       |    19 |    77 |    49 |    76 |    19 |    83 ||   323
         Fulminant Prism   |       |       |       |    16 |    75 |    80 |     7 |       |       ||   178
         Lee's Rapid Decon |       |       |       |    10 |     4 |     8 |    48 |    43 |    10 ||   123
         Swiftness         |       |       |       |     2 |     2 |     1 |       |       |       ||     5
         Static Discharge  |       |       |       |     3 |     4 |       |       |       |       ||     7
         Iron Shot         |       |       |       |       |   103 |   286 |   256 |   187 |   979 ||  1811
         Starburst         |       |       |       |       |     3 |     2 |       |       |       ||     5
         Irradiate         |       |       |       |       |       |    40 |    32 |    48 |   143 ||   263
         Fireball          |       |       |       |       |       |    38 |   213 |    57 |    11 ||   319
         Shatter           |       |       |       |       |       |       |     1 |    87 |   771 ||   859
         Fire Storm        |       |       |       |       |       |       |       |       |  1345 ||  1345
         Spellforged Servi |       |       |       |       |       |       |       |       |   113 ||   113
         Ozocubu's Refrige |       |       |       |       |       |       |       |       |    73 ||    73
         Chain Lightning   |       |       |       |       |       |       |       |       |    65 ||    65
         Polar Vortex      |       |       |       |       |       |       |       |       |    34 ||    34
         Ignition          |       |       |       |       |       |       |       |       |    27 ||    27
         Conjure Ball Ligh |       |       |       |       |       |       |       |       |     1 ||     1
         Summon Lightning  |       |       |       |       |       |       |       |       |     1 ||     1
Ability: Evoke Blink       |       |       |       |       |       |       |       |       |     7 ||     7
  Evoke: Wand              |       |       |       |     5 |     1 |     5 |       |       |    17 ||    28
         Box of beasts     |       |       |       |       |     1 |       |       |       |       ||     1
         Lightning rod     |       |       |       |       |       |       |     1 |       |     4 ||     5
         Phantom mirror    |       |       |       |       |       |       |       |       |     6 ||     6
         Figurine of a zig |       |       |       |       |       |       |       |       |     2 ||     2
    Use: Scroll            |     4 |    10 |     8 |    12 |     9 |     8 |    10 |     2 |    49 ||   112
         Potion            |       |       |       |       |     6 |       |     5 |       |   133 ||   144
   Stab: Sleeping          |     2 |     1 |     4 |       |     1 |       |       |       |    14 ||    22
         Distracted        |       |       |       |       |       |       |       |       |     7 ||     7
 Armour: Robe              |    20 |     8 |    37 |       |       |       |       |       |       ||    65
         Steam dragon scal |       |       |     8 |   168 |   247 |   382 |   121 |       |       ||   926
         Leather armour    |       |       |       |       |       |       |    51 |   436 |  1969 ||  2456
         Skin              |       |       |       |       |       |       |       |       |    33 ||    33
  Dodge: Dodged            |    25 |    13 |    53 |   234 |   297 |   342 |   113 |   227 |  1007 ||  2311
  Block: Kite shield       |       |       |       |       |       |    42 |   105 |   323 |  1657 ||  2127
